 Dungeon Crawl Stone Soup version 0.31-a0-604-g8e0283293c (webtiles) character file.

Game seed: 8300653936502768322

13813711 Crownlay the Sorcerer (level 27, 232/232 HPs)
             Began as an Octopode Earth Elementalist on Aug 14, 2023.
             Was the Champion of Ashenzari.
             Escaped with the Orb
             ... and 15 runes on Aug 21, 2023!
             The game lasted 09:55:38 (115370 turns).

Crownlay the Sorcerer (OpEE)                      Turns: 115370, Time: 09:55:38

Health: 232/232    AC: 38    Str: 14    XL:     27
Magic:  72/72      EV: 27    Int: 50    God:    Ashenzari [******]
Gold:   15008      SH: 20    Dex: 15    Spells: 3/80 levels left

rFire   + + .        A - +10 short sword of the Sibylline Cosmos {pain, *Noise Int+4 SInv, Self, Dev} (curse)
rCold   + . .        D - +5 kite shield of Cremastomancy {reflect, Fort, Elem} (curse)
rNeg    + + .        a - +0 hat "Shackled Adversity" {rPois Regen+ Dex-2, Elem, Dev} (curse)
rPois   ∞            H - amulet of the Clairvoyant Moon {RegenMP, Alch, Fort} (curse)
rElec   +            Y - ring "Inaction of Ashenzari" {rElec rF+ rC+ Dex+2 Stlth+, Cun, Melee} (curse)
rCorr   .            q - ring "Ensconced Bad Feelings" {MP+9 Str+4 Int+3 Dex+4, Cun, Self} (curse)
SInv    +            U - ring of the Enlightened Moon {Wiz, Cun, Range} (curse)
Will    ++...        K - ring of Star-Bound Wisdom {Wiz, Elem, Fort} (curse)
Stlth   ++++         t - ring "Astrological Negligence" {rF+ rN+ Int+6 Stlth+, Dev, Range} (curse)
HPRegen 1.38/turn    w - ring "Prescient Morality" {Wiz, Alch, Bglg} (curse)
MPRegen 0.83/turn    P - ring "Cursed With Me" {MP+9, Dev, Cun} (curse)
                     V - ring "Bound With Me" {rElec Str+6 Int+4 Dex+3, Bglg, Comp} (curse)

%: reflection, clarity, wizardry (x3)
@: statue-form, studying 2 skills, very slow
A: slow and powerful, torment resistance 1, boosted hp, almost no armour,
amphibious, 8 rings, camouflage 1, (gelatinous body 1), (nimble swimmer 1),
tentacles, tentacle spike 1, berserk 1, clever 1, clumsy 2, deterioration 2,
frail 2, poison resistance, weak 2, subdued magic 2, inability to read after
injury 1
0: Orb of Zot
}: 15/15 runes: decaying, slimy, silver, golden, iron, obsidian, icy, bone,
abyssal, demonic, glowing, magical, fiery, dark, gossamer
a: Begin Untransformation, Renounce Religion, Shatter the Chains


You escaped.
You worshipped Ashenzari.
Ashenzari was exalted by your worship.
You were a living statue of rough stone.
You visited 18 branches of the dungeon, and saw 88 of its levels.
You visited Pandemonium 1 time, and saw 14 of its levels.
You visited the Abyss 3 times.
You visited 2 bazaars.
You also visited: Trove, Sewer, Gauntlet and Wizlab.

You collected 20362 gold pieces.
You spent 5354 gold pieces at shops.

Inventory:

Hand Weapons
 A - the cursed +10 short sword of the Sibylline Cosmos (weapon) {pain, *Noise Int+4 SInv, Self, Dev}
   (You found it in a sewer)

   Int+4:     It affects your intelligence (+4).
   SInv:      It lets you see invisible.
   *Noise:    It may make a loud noise when swung.
   It has a curse which improves the following skills: Introspection: Fighting
   and Spellcasting.
   Devices:   Evocations and Shapeshifting.
 Q - the +6 rapier "Xaxkuq" {holy, *Corrode +Blink rPois rC++ Int+2}
   (You bought it in a shop on level 2 of the Orcish Mines)

   Int+2:     It affects your intelligence (+2).
   rC++:      It greatly protects you from cold.
   rPois:     It protects you from poison +Blink: It lets you blink.
   *Corrode:  It may corrode you when you take damage.
 S - the +8 dagger "Jiuwk" {freeze, Str+4 Dex+3 SInv}
   (You took it off Dispater on level 7 of the Iron City of Dis)

   Str+4:     It affects your strength (+4).
   Dex+3:     It affects your dexterity (+3).
   SInv:      It lets you see invisible.
Armour
 a - the cursed +0 hat "Shackled Adversity" (worn) {rPois Regen+ Dex-2, Elem, Dev}
   (You found it in a treasure trove)

   Dex-2:     It affects your dexterity (-2).
   rPois:     It protects you from poison Regen+: It increases your rate of
   health regeneration.
   It has a curse which improves the following skills: Elements: Fire Magic, Ice
   Magic, Air Magic and Earth Magic.
   Devices:   Evocations and Shapeshifting.
 D - the cursed +5 kite shield of Cremastomancy (worn) {reflect, Fort, Elem}
   (You took it off Donald on level 3 of the Spider Nest)

   It has a curse which improves the following skills: Fortitude: Shields.
   Elements:  Fire Magic, Ice Magic, Air Magic and Earth Magic.
 E - the crystal ball of Wucad Mu {*channel}
   (You found it in a wizard's laboratory)

   *Channel:  It often returns the magic spent to cast spells, but lowers their
   success rate.
   It always returns the magic spent on miscasts.
Jewellery
 q - the cursed ring "Ensconced Bad Feelings" (right tentacle) {MP+9 Str+4 Int+3 Dex+4, Cun, Self}
   (You found it on level 3 of the Tomb of the Ancients)

   [ring of magical power]

   Str+4:     It affects your strength (+4).
   Int+3:     It affects your intelligence (+3).
   Dex+4:     It affects your dexterity (+4).
   MP+9:      It affects your magic capacity (+9).
   It has a curse which improves the following skills: Cunning: Dodging and
   Stealth.
   Introspection: Fighting and Spellcasting.
 t - the cursed ring "Astrological Negligence" (on tentacle) {rF+ rN+ Int+6 Stlth+, Dev, Range}
   (You found it in Pandemonium)

   [ring of protection from fire]

   Int+6:     It affects your intelligence (+6).
   rF+:       It protects you from fire.
   rN+:       It protects you from negative energy.
   Stlth+:    It makes you more stealthy.
   It has a curse which improves the following skills: Devices: Evocations and
   Shapeshifting.
   Ranged Combat: Ranged Weapons and Throwing.
 w - the cursed ring "Prescient Morality" (on tentacle) {Wiz, Alch, Bglg}
   (You found it on level 4 of the Lair of Beasts)

   [ring of wizardry]

   Wiz:       It improves your spell success rate.
   It has a curse which improves the following skills: Alchemy: Poison Magic and
   Transmutations.
   Beguiling: Conjurations, Hexes and Translocations.
 H - the cursed amulet of the Clairvoyant Moon (around mantle) {RegenMP, Alch, Fort}
   (You found it on level 3 of the Elven Halls)

   [amulet of magic regeneration]

   RegenMP:   It increases your rate of magic regeneration.
   It has a curse which improves the following skills: Alchemy: Poison Magic and
   Transmutations.
   Fortitude: Shields.
 K - the cursed ring of Star-Bound Wisdom (on tentacle) {Wiz, Elem, Fort}
   (You found it on level 9 of the Dungeon)

   [ring of wizardry]

   Wiz:       It improves your spell success rate.
   It has a curse which improves the following skills: Elements: Fire Magic, Ice
   Magic, Air Magic and Earth Magic.
   Fortitude: Shields.
 P - the cursed ring "Cursed With Me" (on tentacle) {MP+9, Dev, Cun}
   (You found it on level 10 of the Dungeon)

   [ring of magical power]

   MP+9:      It affects your magic capacity (+9).
   It has a curse which improves the following skills: Devices: Evocations and
   Shapeshifting.
   Cunning:   Dodging and Stealth.
 U - the cursed ring of the Enlightened Moon (on tentacle) {Wiz, Cun, Range}
   (You took it off a fire giant on level 2 of the Depths)

   [ring of wizardry]

   Wiz:       It improves your spell success rate.
   It has a curse which improves the following skills: Cunning: Dodging and
   Stealth.
   Ranged Combat: Ranged Weapons and Throwing.
 V - the cursed ring "Bound With Me" (on tentacle) {rElec Str+6 Int+4 Dex+3, Bglg, Comp}
   (You acquired it on level 14 of the Dungeon)

   [ring of strength]

   Str+6:     It affects your strength (+6).
   Int+4:     It affects your intelligence (+4).
   Dex+3:     It affects your dexterity (+3).
   rElec:     It insulates you from electricity.
   It has a curse which improves the following skills: Beguiling: Conjurations,
   Hexes and Translocations.
   Companions: Summonings and Necromancy.
 Y - the cursed ring "Inaction of Ashenzari" (left tentacle) {rElec rF+ rC+ Dex+2 Stlth+, Cun, Melee}
   (You found it on level 3 of the Swamp)

   [ring of protection from cold]

   Dex+2:     It affects your dexterity (+2).
   rF+:       It protects you from fire.
   rC+:       It protects you from cold.
   rElec:     It insulates you from electricity.
   Stlth+:    It makes you more stealthy.
   It has a curse which improves the following skills: Cunning: Dodging and
   Stealth.
   Melee Combat: Short Blades, Long Blades, Axes, Maces & Flails, Polearms,
   Staves and Unarmed Combat.
Talismans
 p - a granite talisman (active)
 N - a talisman of death
Wands
 j - a wand of digging (43)
 n - a wand of polymorph (40)
 o - a wand of light (54)
 C - a wand of mindburst (88)
 G - a wand of paralysis (86)
 I - a wand of roots (136)
 R - a wand of flame (101)
Scrolls
 b - 8 scrolls of blinking
 e - 23 scrolls of teleportation
 f - 10 scrolls of summoning
 g - 12 scrolls of fear
 k - 12 scrolls of fog
 l - 13 scrolls of revelation
 r - 8 scrolls of vulnerability
 s - 14 scrolls of poison
 u - 12 scrolls of immolation
 F - 5 scrolls of amnesia
Potions
 c - 8 potions of enlightenment
 d - 20 potions of curing
 i - 14 potions of ambrosia
 m - 8 potions of brilliance
 v - 5 potions of attraction
 x - 2 potions of heal wounds
 B - 10 potions of haste
 J - 4 potions of magic
 O - 8 potions of might
 T - 5 potions of cancellation
 X - a potion of lignification
 Z - 4 potions of resistance
Miscellaneous
 z - a figurine of a ziggurat
 M - the horn of Geryon


   Skills:
 - Level 23.8(27) Fighting
 - Level 11.4(13.8) Short Blades
 - Level 21.7(27) Dodging
 - Level 22.7(27) Stealth
 - Level 15.3(20.0) Shields
 - Level 23.9(27) Spellcasting
 - Level 23.8(27) Conjurations
 - Level 13.5(15.9) Summonings
 - Level 11.2(13.6) Necromancy
 - Level 8.8(12.4) Transmutations
 - Level 22.7(27) Fire Magic
 - Level 5.2(9.7) Ice Magic
 + Level 20.2(24.6) Air Magic
 + Level 18.5(23.0) Earth Magic
 - Level 20.6(25.9) Evocations
 - Level 19.1(24.5) Shapeshifting


You had 3 spell levels left.
You knew the following spells:

 Your Spells              Type           Power      Damage    Failure   Level
a - Fire Storm            Conj/Fire      59%        8d15      1%          9
b - Ignition              Fire           59%        3d16      0%          8
c - Spellforged Servitor  Conj/Summ      54%        N/A       0%          7
d - Leda's Unmaking       Conj/Erth      57%        9d9       0%          6
e - Chain Lightning       Conj/Air       58%        3d78      1%          9
f - Lehudib's Crystal Sp  Conj/Erth      57%        10d13     0%          8
g - Lee's Rapid Deconstr  Erth           55%        3d26*     0%          5
h - Shatter               Erth           55%        3d42*     1%          9
i - Maxwell's Capacitive  Air            57%        ∞         0%          8
j - Infestation           Necr           45%        N/A       1%          8

Your spell library contained the following spells:

 Spells                   Type           Power      Damage    Failure   Level
 Foxfire                  Conj/Fire      100%       2x1d9     0%          1
 Freeze                   Ice            100%       1d10      0%          1
 Magic Dart               Conj           100%       1d8       0%          1
 Necrotise                Necr           100%       1d9       0%          1
 Sandblast                Erth           100%       2d20      0%          1
 Shock                    Conj/Air       100%       1d9       0%          1
 Sting                    Tmut/Pois      100%       1d8       0%          1
 Summon Small Mammal      Summ           100%       N/A       0%          1
 Call Imp                 Summ           100%       N/A       0%          2
 Cigotuvi's Dreadful Rot  Necr/Pois/Air  100%       N/A       0%          2
 Momentum Strike          Conj/Tloc      100%       3d10      0%          2
 Passwall                 Tmut/Erth      84%        N/A       0%          2
 Poisonous Vapours        Pois/Air       100%       N/A       0%          2
 Scorch                   Fire           100%       2d9       0%          2
 Searing Ray              Conj           100%       2d8       0%          2
 Wereblood                Tmut           88%        N/A       0%          2
 Call Canine Familiar     Summ           96%        N/A       0%          3
 Dazzling Flash           Conj/Hex       100%       N/A       0%          3
 Frozen Ramparts          Ice            100%       1d16      0%          3
 Hailstorm                Conj/Ice       100%       3d20      0%          3
 Ignite Poison            Fire/Tmut/Pois 90%        N/A       0%          3
 Inner Flame              Hex/Fire       91%        N/A       0%          3
 Mephitic Cloud           Conj/Pois/Air  100%       N/A       0%          3
 Ozocubu's Armour         Ice            80%        N/A       0%          3
 Stone Arrow              Conj/Erth      100%       3d13      0%          3
 Summon Guardian Golem    Hex/Summ       76%        N/A       0%          3
 Vampiric Draining        Necr           91%        2d12      0%          3
 Vhi's Electric Charge    Tloc/Air       100%       N/A       0%          3
 Volatile Blastmotes      Fire/Tloc      100%       2d18      0%          3
 Apportation              Tloc           90%        N/A       1%          1
 Slow                     Hex            100%       N/A       1%          1
 Blink                    Tloc           90%        N/A       1%          2
 Lesser Beckoning         Tloc           90%        N/A       1%          2
 Confusing Touch          Hex            45%        N/A       1%          3
 Gell's Gravitas          Tloc           45%        N/A       1%          3
 Portal Projectile        Hex/Tloc       90%        N/A       1%          3
 Teleport Other           Tloc           45%        N/A       1%          3
 Tukima's Dance           Hex            45%        N/A       1%          3
 Animate Dead             Necr           91%        N/A       0%          4
 Flame Wave               Conj/Fire      100%       2d21      0%          4
 Fulminant Prism          Conj/Hex       45%        3d20      0%          4
 Iskenderun's Mystic Bla  Conj/Tloc      91%        2d18      0%          4
 Leda's Liquefaction      Hex/Erth       43%        N/A       0%          4
 Petrify                  Tmut/Erth      100%       N/A       0%          4
 Sticky Flame             Conj/Fire      100%       2d11      0%          4
 Summon Ice Beast         Ice/Summ       89%        N/A       0%          4
 Summon Lightning Spire   Summ/Air       100%       N/A       0%          4
 Arcjolt                  Conj/Air       58%        1d68      0%          5
 Borgnjor's Vile Clutch   Necr/Erth      51%        N/A       0%          5
 Fireball                 Conj/Fire      59%        3d23      0%          5
 Freezing Cloud           Conj/Ice/Air   53%        6-21      0%          5
 Irradiate                Conj/Tmut      52%        3d29      0%          5
 Iskenderun's Battlesphe  Conj           100%       2d15      0%          5
 Silence                  Hex/Air        44%        N/A       0%          5
 Plasma Beam              Fire/Air       58%        2x1d74    0%          6
 Starburst                Conj/Fire      59%        6d16      0%          6
 Summon Cactus Giant      Summ           48%        N/A       0%          6
 Orb of Destruction       Conj           59%        9d14      0%          7
 Anguish                  Hex/Necr       36%        N/A       1%          4
 Cause Fear               Hex            22%        N/A       1%          4
 Manifold Assault         Tloc           45%        N/A       1%          4
 Olgreb's Toxic Radiance  Pois           45%        N/A       1%          4
 Passage of Golubria      Tloc           45%        N/A       1%          4
 Alistair's Intoxication  Tmut/Pois      46%        N/A       1%          5
 Metabolic Englaciation   Hex/Ice        32%        N/A       1%          5
 Summon Forest            Summ/Tloc      38%        N/A       1%          5
 Summon Mana Viper        Hex/Summ       76%        N/A       1%          5
 Yara's Violent Unravell  Hex/Tmut       35%        3d14      1%          5
 Eringya's Noxious Bog    Tmut/Pois      35%        4d6       1%          6
 Simulacrum               Ice/Necr       43%        N/A       1%          6
 Haunt                    Necr/Summ      47%        N/A       1%          7
 Monstrous Menagerie      Summ           48%        N/A       1%          7
 Ozocubu's Refrigeration  Ice            40%        4d16      1%          7
 Summon Hydra             Summ           48%        N/A       1%          7
 Dispersal                Tloc           22%        N/A       4%          6
 Dragon's Call            Summ           48%        N/A       4%          9
 Enfeeble                 Hex            22%        N/A       22%         7
 Discord                  Hex            22%        N/A       83%         8
 Sublimation of Blood     Necr           Unusable   N/A       N/A         2
 Animate Armour           Summ/Erth      Unusable   N/A       N/A         4

Dungeon Overview and Level Annotations

Branches:
Dungeon (15/15)            Temple (1/1) D:4            Lair (5/5) D:10
  Swamp (4/4) Lair:2       Spider (4/4) Lair:3        Slime (5/5) Lair:4
    Orc (2/2) D:10            Elf (3/3) Orc:2        Vaults (5/5) D:13
  Crypt (3/3) Vaults:3       Tomb (3/3) Crypt:3      Depths (4/4) D:15
   Hell (visited)             Dis (7/7) Hell            Geh (7/7) Hell
    Coc (7/7) Hell            Tar (7/7) Hell            Zot (5/5) Depths:4
  Sewer (visited)          WizLab (visited)         Gauntlet (visited)

Altars:
Ashenzari
Cheibriados
Dithmenos
Elyvilon
Fedhas
Gozag
Hepliaklqana
Kikubaaqudgha
Makhleb
Nemelex Xobeh
Okawaru
Qazlal
Ru
Sif Muna
Trog
Uskayaw
Vehumet
Wu Jian
Xom
Yredelemnul
Zin
The Shining One
Jiyva

Shops:
D:2 *[**   D:8 :   Orc:1 !   Orc:2 (!(:(   Vaults:2 !   Depths:1 ***
Depths:4 :=

Portals:
Hell: Depths:1 Depths:2 Depths:3 Depths:4
Abyss: Depths:1 Depths:2 Depths:3
Pandemonium: Depths:2 Depths:3
Ziggurat: Depths:2


Innate Abilities, Weirdness & Mutations

You are a living statue of rough stone.
Your actions are slow, but your melee attacks are powerful.
You are resistant to unholy torment.
Your maximum health is greatly increased.
You cannot wear most types of armour.
You are amphibious.
You can wear up to eight rings at the same time.
You are immune to poison.
Your skin changes colour to match your surroundings (Stealth+).
((Your rubbery body absorbs attacks. (AC +1, EV +1)))
((You are camouflaged when in or above water. (Stealth+)))
You have tentacles for arms and can constrict up to eight enemies at once.
One of your tentacles bears a spike.
You sometimes lose your temper in combat.
Your mind is acute. (Int +4, Str/Dex -1)
You are very clumsy. (Dex -4)
Your body often deteriorates upon taking damage.
You are very frail. (-20% HP)
Your system is resistant to poisons. (rPois)
You are very weak. (Str -4)
Your spells are easier to cast, but less powerful.
You occasionally lose the ability to read scrolls when taking damage.


Message History

You climb upwards.
There is a stone staircase leading down here.
HP restored.
There is an open door here.
Magic restored.
There is a stone staircase leading up here.
You climb upwards.
There is a stone staircase leading down here.
You sense a monster nearby.
As you read the scroll of teleportation, it crumbles to dust.
You feel strangely unstable.
You feel the Orb delaying your translocation!
An angel comes into view.
It is wielding a +2 sacred scourge of holy wrath.
You block the angel's attack. The angel hits you but does no damage.
You block the angel's attack. x2
The angel attacks as it pursues you! You block the angel's attack. x2
The angel hits you but does no damage. x2
Your surroundings suddenly seem different.
Things that are here:
5 stones; a +0 short sword A cherub comes into view.
It is wielding a +2 long sword of flaming.
A neqoxec comes into view.
There is a stone staircase leading up here.
You climb upwards.
There is a stone staircase leading down here.
You sense a monster nearby.
There is a stone staircase leading up here.
You climb upwards.
There is a stone staircase leading down here.
You see here a +0 plate armour.
You see here a +0 spear.
You sense a monster nearby.
There is a stone staircase leading up here.
You climb upwards.
There is a stone staircase leading down here.
You enter the shallow water.
Moving in this stuff is going to be slow.
You sink to the bottom.
There is a staircase leading out of the dungeon here.
You have escaped!

♣.♣♣♣ ♣♣.♣♣♣. ♣.♣
♣♣♣.♣♣ ♣♣ ♣.♣♣
♣♣♣..♣♣ ♣ ♣..♣ ♣..♣♣♣
♣♣.♣♣ ♣.♣♣ ♣♣..♣♣
♣♣.♣♣ ♣♣♣..♣.♣ ♣♣.♣
♣♣ ♣......♣ ♣♣.♣♣
♣♣♣≈
♣♣..8..♣♣♣♣♣.♣.♣♣♣≈≈≈
♣♣...P..♣....♣♣♣≈≈≈♣
♣♣♣♣♣♣P.♣P♣♣♣ ♣♣≈≈♣
♣♣♣♣♣♣ ♣♣♣♣


There were no monsters in sight!

Vanquished Creatures
  Cerebov (Pan)
  Antaeus (Coc:7)
  Asmodeus (Geh:7)
  the Royal Jelly (Slime:5)
  Gloorx Vloq (Pan)
  Ereshkigal (Tar:7)
  Mnoleg (Pan)
  10 dread liches
  the Serpent of Hell (Tar:7)
  Lom Lobon (Pan)
  10 orbs of fire
  Dispater (Dis:7)
  Khufu (Tomb:3)
  3 ancient liches
  Mennas (Tomb:1)
  5 juggernauts
  The ghost of Muataran the Slayer, a veteran MiMo of Yredelemnul (Zot:4)
  24 royal mummies
  Vv (Zot:3)
  10 pandemonium lords
  the Lernaean hydra (Swamp:4)
  6 shard shrikes
  4 Killer Klowns
  Xtahua (Crypt:2)
  16 caustic shrikes
  A curse toe (Zot:3)
  6 profane servitors
  14 golden dragons
  12 Tzitzimimeh
  21 bone dragons
  21 Brimstone Fiends
  17 doom hounds
  An electric golem (Zot:4)
  17 Hell Sentinels
  5 iron giants
  13 tainted leviathans
  9 hellephants
  14 Ice Fiends
  18 tentacled monstrosities
  The ghost of Kiklext the Draconian Blade, an adept DrWr of Trog (Swamp:1)
  21 Orb Guardians
  8 liches
  4 titans
  A walking frostbound tome (Depths:2)
  18 searing wretches
  A walking earthen tome (Depths:2)
  9 quicksilver dragons
  20 Executioners
  Asterion (D:13)
  3 deep elf blademasters
  14 ancient champions
  A deep elf master archer (Elf:3)
  5 sphinxes
  15 acid blobs
  16 death cobs
  14 storm dragons
  4 tentacled starspawn (Abyss:5)
  12 shadow dragons
  5 tengu reavers
  Roxanne (D:14)
  6 revenants
  Aizul (Swamp:1)
  6 frost giants
  6 draconian monks
  6 quicksilver elementals
  5 spectral caustic shrikes
  4 narguns
  5 azure jellies
  5 deep elf sorcerers (Elf:3)
  12 vault wardens
  3 emperor scorpions
  11 fire giants
  8 draconian knights
  4 rockslimes
  3 draconian scorchers
  9 demonspawn warmongers (Pan)
  45 balrugs
  9 ghost moths
  A juggernaut zombie (Tar:4)
  6 iron dragons
  A caustic shrike zombie (Depths:1)
  5 curse skulls
  A spectral juggernaut (Tar:4)
  3 draconian shifters
  A deep elf elementalist (Elf:3)
  4 shard shrike simulacra
  A broodmother (Spider:4)
  37 reapers
  6 draconian annihilators
  11 demonspawn blood saints (Pan)
  A juggernaut skeleton (Depths:2)
  8 draconian stormcallers
  10 ironbound preservers
  23 war gargoyles
  An orc warlord (Vaults:3)
  34 cacodemons
  3 ghouls
  3 spriggan defenders (Depths:2)
  10 demonspawn corrupters (Pan)
  12 formless jellyfish
  12 quicksilver oozes
  10 stone giants
  7 ironbound thunderhulks
  15 black draconians
  8 very ugly things
  8 vampire knights
  4 bennus
  21 lorocyprocas
  16 putrid mouths
  6 deep elf demonologists
  15 demonspawn black suns (Pan)
  5 eleionomae
  19 elemental wellsprings
  16 green draconians
  8 deep elf annihilators
  12 white draconians
  3 dire elephants (Vaults:1)
  4 orange crystal statues
  A spectral titan (Tar:4)
  7 wendigos
  The ghost of Enogimy the Spry, a journeyman SpHu of Okawaru (Swamp:2)
  15 purple draconians
  11 yellow draconians
  3 bunyips
  Azrael (Orc:2)
  2 spark wasps (Depths:2)
  15 red draconians
  13 eidola
  A crystal guardian (Hell)
  18 iron golems
  12 green deaths
  26 blizzard demons
  5 ettins
  12 mummy priests
  3 deep elf high priests
  2 quicksilver dragon zombies (Tar:4)
  3 deep elf death magi
  A spriggan zombie (Tomb:3)
  2 entropy weavers
  7 rakshasas
  5 great orbs of eyes
  16 jiangshi
  A spectral golden dragon (Tar:2)
  12 yaktaur captains
  A spectral spriggan (Tar:4)
  3 spriggan air magi
  2 caustic shrike simulacra
  2 salamander tyrants (Geh:7)
  5 fire dragons
  6 juggernaut simulacra
  13 hydras
  5 hell beasts
  An ogre mage (Orc:2)
  30 vault guards
  2 quicksilver dragon skeletons
  2 radroaches (Spider:2)
  The ghost of Wupi the Nimble, a journeyman DECj of Sif Muna (D:13)
  Erolcha (Orc:1)
  2 peacekeepers
  3 boulder beetles
  5 two-headed ogres
  An ice dragon (Depths:2)
  A ghost crab (Swamp:2)
  7 ironbound frosthearts
  A jorogumo (Spider:2)
  4 tengu warriors
  6 centaur warriors
  26 hell hogs
  23 dancing weapons
  6 death yaks
  3 death knights
  6 stokers
  64 death scarabs (Tomb:3)
  4 deep troll earth magi
  4 deep troll shamans
  6 alligators
  7 vampire magi
  38 demonic crawlers
  24 thrashing horrors
  2 spectral dire elephants
  3 orc high priests
  2 spriggan berserkers
  9 spriggans
  105 sun demons
  A titan zombie (Tar:4)
  6 wretched stars (Abyss:5)
  7 nameless horrors
  35 soul eaters
  A spectral storm dragon (Tar:2)
  Sonja (D:11)
  8 hell knights
  7 crystal echidnas (Dis:7)
  10 deep elf knights
  2 salamander mystics (Depths:2)
  A spatial maelstrom (Abyss:5)
  31 shadow wraiths
  6 iron trolls
  19 skeletal warriors
  28 sixfirhies
  24 shadow demons
  A golden dragon zombie (Depths:2)
  3 goliath frogs
  2 pharaoh ants
  2 spriggan druids
  3 death drakes (Depths:4)
  31 deep trolls
  An elf simulacrum (Coc:2)
  5 swamp dragons
  A death drake (shapeshifter) (Vaults:5)
  5 deep elf archers
  7 glowing orange brains
  5 flayed ghosts
  A spectral iron dragon (Tar:2)
  4 orb spiders
  3 steelbarb worms
  3 orc knights
  2 spectral wolf spiders (Spider:2)
  A spriggan simulacrum (Hell)
  4 bog bodies
  3 harpies (Vaults:2)
  2 wolf spider zombies (Spider:2)
  17 phantasmal warriors
  15 ironbound convokers
  8 wizards
  19 ugly things
  9 necromancers
  3 lindwurms
  A broodmother zombie (Crypt:1)
  2 shining eyes
  15 deep elf pyromancers
  8 deep elf zephyrmancers
  8 wolf spiders
  6 cyclopes
  5 orc sorcerers
  A spectral ettin (Tar:4)
  Maurice (Orc:2)
  An eleionoma zombie (Crypt:2)
  A worldbinder (Abyss:5)
  2 salamanders (Depths:2)
  4 manticores
  An elephant (shapeshifter) (Vaults:5)
  8 elephants
  6 ice statues
  A spectral alligator snapping turtle (Tar:1)
  A shock serpent zombie (Crypt:1)
  35 smoke demons
  5 rust devils
  A dire elephant zombie (Tomb:3)
  86 slime creatures
  2 black mambas
  A gargoyle (D:11)
  29 moths of wrath
  An apocalypse crab (Depths:1)
  A water nymph (shapeshifter) (Depths:1)
  32 orange demons (Pan)
  An eye of devastation (Slime:5)
  10 vault sentinels
  11 cane toads
  11 molten gargoyles
  A kobold demonologist (Pan)
  9 efreet (Pan)
  51 hellions
  4 torpor snails
  A swamp worm zombie (Crypt:2)
  A cane toad (shapeshifter) (Vaults:5)
  Psyche (D:9)
  3 rime drakes (D:15)
  4 komodo dragons
  20 yaktaurs
  5 ancient zymes
  A minotaur zombie (Crypt:2)
  4 freezing wraiths
  An iron troll skeleton (Crypt:1)
  8 ice devils
  31 tormentors
  20 guardian mummies
  A tengu conjurer (Depths:1)
  A golden dragon simulacrum (Coc:7)
  6 trolls
  7 meliai
  2 spectral harpies
  A polar bear (Lair:2)
  4 anaconda simulacra
  2 silent spectres
  A merfolk (D:10)
  A meliai (shapeshifter) (Abyss:5)
  3 tyrant leeches
  5 red devils
  2 harpy zombies
  16 tarantellas
  2 wolf spider simulacra (Spider:2)
  22 hellwings
  15 blink frogs
  A tarantella (shapeshifter) (Vaults:5)
  2 harpy skeletons
  An ettin zombie (Tar:4)
  10 hornets
  A blink frog (shapeshifter) (Elf:3)
  11 raiju (Abyss:5)
  12 culicivoras
  54 flying skulls
  A stone giant simulacrum (Hell)
  A spriggan skeleton (Depths:1)
  A centaur simulacrum (Gauntlet)
  A naga simulacrum (Hell)
  3 water elementals
  49 large abominations
  8 jumping spiders
  7 wyverns
  2 ettin skeletons
  31 yaks
  2 shadows (Crypt:3)
  38 ynoxinuls
  2 fire elementals
  A hog (D:12)
  15 wraiths
  5 vampires
  14 starcursed masses (Abyss:5)
  22 neqoxecs
  2 alligator snapping turtle simulacra
  A golden eye (shapeshifter) (D:15)
  2 fire bats (Pan)
  6 golden eyes
  A black mamba skeleton (Pan)
  46 chaos spawn
  2 ushabtiu (Tomb:1)
  27 redbacks
  A steam dragon (D:8)
  7 vampire mosquitoes
  4 spatial vortices (Abyss:5)
  Edmund (D:5)
  8 harpy simulacra
  2 wargs
  5 swamp worms
  2 acid dragons
  16 water moccasins
  8 hell hounds
  A hydra simulacrum (Coc:3)
  A faun skeleton (Crypt:2)
  A cane toad skeleton (Crypt:1)
  A floating eye (Slime:5)
  12 orc warriors
  4 ice beasts
  3 swamp drakes (Swamp:4)
  2 fire dragon simulacra
  The ghost of WhatIsLove the Trooper, an amateur HOMo (D:3)
  2 sky beasts
  11 black bears
  7 ogres
  4 boggarts
  16 centaurs
  2 ettin simulacra
  13 wolves
  2 snapping turtle skeletons
  6 small abominations
  9 kobold brigands
  A phantom (D:5)
  13 bullfrogs
  2 gnoll sergeants
  A two-headed ogre simulacrum (Lair:2)
  4 earth elementals
  6 necrophages
  3 scorpions
  3 wights (D:6)
  A hornet simulacrum (Gauntlet)
  8 killer bees
  12 howler monkeys
  3 jellies
  14 electric eels
  2 quasits (D:3)
  2 gnoll boudas (D:10)
  10 orc priests
  4 hounds
  2 iron imps (Gauntlet)
  Jessica (D:3)
  2 iguanas
  22 orc wizards
  3 hell rats (D:15)
  27 mummies
  5 gnolls
  12 adders
  A swamp drake skeleton (Crypt:2)
  2 shadow imps
  4 white imps
  An ufetubus (D:6)
  2 worms (Lair:3)
  2 dart slugs
  73 orcs
  8 endoplasms
  10 giant cockroaches
  A gnoll zombie (Crypt:1)
  8 goblins
  8 hobgoblins
  5 kobolds
  8 quokkas
  10 ball pythons
  10 bats
  12 frilled lizards
  A frilled lizard skeleton (Crypt:2)
  3 rats
  A spectral orc (D:7)
  A butterfly (Lair:4)
  A creeping inferno (Geh:7)
  9 fire vortices
  4 starspawn tentacles (Abyss:5)
3380 creatures vanquished.

Vanquished Creatures (collateral kills)
  An orb of fire (Zot:5)
  An ancient lich (Crypt:1)
  A pandemonium lord (Pan)
  3 royal mummies
  10 shard shrikes
  Margery (Crypt:1)
  A curse toe (Zot:4)
  6 caustic shrikes
  Geryon (Hell)
  Nikola (Spider:3)
  4 golden dragons
  5 bone dragons
  3 profane servitors
  2 Tzitzimimeh (Tar:7)
  3 doom hounds (Tar:7)
  An electric golem (Zot:5)
  2 Brimstone Fiends
  2 iron giants
  A spectral shard shrike (Crypt:3)
  3 tentacled monstrosities
  6 Orb Guardians (Zot:5)
  7 Hell Sentinels
  14 Ice Fiends
  A walking earthen tome (Depths:4)
  3 hellephants
  A deep elf master archer (Elf:3)
  4 tainted leviathans
  A walking frostbound tome (Depths:2)
  8 titans
  2 quicksilver dragons
  7 acid blobs
  3 searing wretches
  3 Executioners
  11 ancient champions
  4 sphinxes
  2 shadow dragons (Vaults:5)
  3 tengu reavers
  Donald (Spider:3)
  Kirke (D:12)
  2 storm dragons
  2 draconian monks (Depths:4)
  5 azure jellies
  7 rockslimes
  17 narguns
  A demonspawn warmonger (Pan)
  A fenstrider witch (Swamp:1)
  11 fire giants
  7 frost giants
  3 quicksilver elementals
  6 vault wardens
  3 iron dragons
  A deep elf elementalist (Elf:3)
  A draconian shifter (Zot:1)
  2 deep elf sorcerers
  3 emperor scorpions
  9 balrugs
  3 shard shrike simulacra
  Louise (Depths:3)
  2 formless jellyfish (Slime:5)
  7 ironbound preservers
  An orc warlord (Depths:1)
  5 draconian annihilators
  A spriggan defender (Depths:4)
  5 reapers
  20 war gargoyles
  12 stone giants
  A demonspawn blood saint (Pan)
  3 very ugly things (Depths:4)
  3 ironbound thunderhulks
  6 elemental wellsprings
  5 eleionomae
  5 quicksilver oozes
  A green draconian (Depths:4)
  A demonspawn black sun (Pan)
  3 putrid mouths (Tar:7)
  3 white draconians
  2 deep elf demonologists (Elf:3)
  5 purple draconians
  2 yellow draconians (Zot:1)
  11 wendigos
  A dire elephant (Vaults:1)
  4 bennus
  4 bunyips
  A spectral titan (Crypt:3)
  2 red draconians (Depths:4)
  2 black draconians (Depths:4)
  2 deep elf annihilators
  A minotaur (Gauntlet)
  6 eidola
  5 spark wasps
  The ghost of FearOfTheDuck the Cleaver, a journeyman MiGl of Qazlal (Orc:1)
  9 iron golems
  3 ettins
  3 deep elf death magi
  Josephine (Swamp:1)
  A green death (Pan)
  A merfolk impaler (Abyss:5)
  A yaktaur captain (Vaults:2)
  3 blizzard demons
  4 mummy priests
  5 jiangshi
  4 great orbs of eyes
  5 fire dragons
  A rakshasa (Depths:2)
  7 vault guards
  An entropy weaver (Vaults:2)
  8 salamander tyrants
  4 caustic shrike simulacra
  A quicksilver dragon skeleton (Crypt:1)
  3 ice dragons
  15 hydras
  5 juggernaut simulacra
  2 ogre magi (Orc:2)
  2 peacekeepers (Vaults:4)
  6 centaur warriors
  4 ghost crabs
  3 spriggan air magi
  2 ironbound frosthearts
  20 dancing weapons
  2 death knights
  3 two-headed ogres
  7 death yaks
  2 stokers
  7 demonic crawlers
  6 boulder beetles
  3 alligators
  3 deep troll earth magi (Depths:2)
  A deep troll shaman (Depths:3)
  25 hell hogs
  A spriggan berserker (Depths:2)
  9 death scarabs (Tomb:3)
  A thrashing horror (Abyss:5)
  3 tengu warriors
  An orc high priest (Orc:2)
  5 hell knights
  3 soul eaters
  5 crystal echidnas
  4 skysharks
  2 sun demons
  2 deep elf knights (Elf:2)
  10 spriggans
  4 pharaoh ants
  5 iron trolls
  A quicksilver dragon simulacrum (Coc:7)
  21 deep trolls
  11 skeletal warriors
  3 spriggan druids
  4 glowing orange brains
  A shadow demon (Pan)
  Lodul (D:14)
  2 spriggan simulacra
  2 orb spiders
  5 flayed ghosts
  5 swamp dragons
  A lindwurm (Vaults:2)
  4 phantasmal warriors
  A harpy (Vaults:2)
  2 deep elf archers (Elf:3)
  2 ironbound convokers
  A spectral wolf spider (Spider:2)
  2 steelbarb worms
  11 bog bodies
  An orc knight (Depths:1)
  6 deep elf zephyrmancers
  A tengu skeleton (Depths:1)
  13 deep elf pyromancers
  A cyclops (shapeshifter) (Depths:2)
  2 necromancers
  17 wolf spiders
  5 orc sorcerers (Orc:2)
  4 will-o-the-wisps (Swamp:2)
  2 wolf spider zombies (Spider:2)
  4 shining eyes
  15 ugly things
  A cyclops (D:14)
  An elephant (shapeshifter) (Vaults:5)
  3 salamanders (Depths:2)
  An ice statue (Lair:2)
  4 moths of wrath
  A manticore (D:14)
  A stone giant skeleton (Depths:1)
  12 elephants
  2 torpor snails
  2 titan simulacra
  5 vault sentinels
  4 molten gargoyles (Geh:7)
  An eye of devastation (Slime:5)
  4 smoke demons
  16 cane toads
  A naga skeleton (Tomb:3)
  2 orange demons (Pan)
  4 freezing wraiths
  A komodo dragon (Lair:3)
  5 hellions
  3 rime drakes
  5 tengu conjurers
  3 anaconda simulacra
  3 tormentors
  An alligator snapping turtle skeleton (Crypt:2)
  3 yaktaurs
  3 ice devils (Lair:2)
  2 bunyip simulacra (Coc:1)
  An efreet (D:13)
  A golden dragon simulacrum (Coc:4)
  15 guardian mummies
  An iron giant simulacrum (Coc:3)
  2 red devils (Depths:3)
  3 polar bears
  2 spriggan skeletons
  4 meliai (Spider:3)
  4 trolls
  A merfolk (D:12)
  A wolf spider simulacrum (Spider:2)
  9 tyrant leeches
  10 hornets
  12 tarantellas
  12 blink frogs
  A death drake skeleton (Crypt:2)
  A tarantella (shapeshifter) (D:14)
  4 iron dragon simulacra
  2 stone giant simulacra
  2 centaur simulacra
  27 slime creatures
  13 flying skulls
  18 jumping spiders
  10 culicivoras
  5 ushabtiu
  An ettin skeleton (Crypt:2)
  2 ynoxinuls
  6 wraiths
  A hog (D:12)
  21 yaks
  3 dire elephant simulacra
  A fire bat (Pan)
  3 wyverns (D:15)
  An alligator snapping turtle simulacrum (Coc:2)
  2 basilisks
  A fire elemental (Orc:2)
  34 redbacks
  11 vampire mosquitoes
  A merfolk zombie (Crypt:1)
  5 harpy simulacra
  4 large abominations
  2 acid dragons (D:13)
  4 swamp worms
  3 hydra simulacra
  A naga zombie (Crypt:3)
  5 water moccasins
  3 hell hounds
  A floating eye (Depths:3)
  A meliai simulacrum (Gauntlet)
  5 swamp drakes
  4 ettin simulacra
  14 orc warriors
  8 ogres
  8 wolves
  4 centaurs
  5 bullfrogs
  4 scorpions (Lair:3)
  2 naga simulacra
  An earth elemental (Elf:3)
  An electric eel (Lair:3)
  A howler monkey (D:12)
  2 quasits (D:3)
  5 orc priests
  2 iron imps (Gauntlet)
  12 orc wizards
  2 troll simulacra (Lair:2)
  3 hell rats (D:15)
  A boggart skeleton (Crypt:1)
  11 mummies
  2 gnolls
  A worm (Lair:3)
  16 orcs
  4 bats
  4 creeping infernos
  6 fire vortices
1241 creatures vanquished.

Vanquished Creatures (others)
  A Brimstone Fiend (Pan)
  A shadow dragon (Vaults:5)
  A fire giant (Depths:3)
  2 shard shrike simulacra
  A demonspawn blood saint (Pan)
  A salamander tyrant (Geh:7)
  A caustic shrike simulacrum (Coc:7)
  An ironbound frostheart (Vaults:3)
  An alligator (Swamp:4)
  A thrashing horror (Abyss:5)
  A sun demon (Hell)
  A pharaoh ant (Spider:3)
  2 deep trolls (Vaults:3)
  A swamp dragon (Swamp:4)
  A smoke demon (Hell)
  An iron giant simulacrum (Coc:6)
  A meliai (Spider:3)
  2 bloated husks (Swamp:3)
  2 jumping spiders (Spider:3)
  A ynoxinul (Pan)
  A naga simulacrum (Coc:2)
  A fire bat (Pan)
  A redback (Spider:3)
  A hydra simulacrum (Hell)
  A small abomination (Zot:5)
  An orc (Orc:2)
  47 fire vortices
  6 foxfires (Swamp:2)
  7 starspawn tentacles (Abyss:5)
90 creatures vanquished.

Grand Total: 4711 creatures vanquished

Notes
Turn   | Place    | Note
-------+----------+-------------------------------------------
     0 | D:1      | Crownlay the Octopode Earth Elementalist began the quest
                  | for the Orb.
     0 | D:1      | Reached XP level 1. HP: 11/11 MP: 3/3
   196 | D:1      | Reached XP level 2. HP: 15/17 MP: 0/5
   625 | D:1      | Reached XP level 3. HP: 21/21 MP: 5/7
   629 | D:1      | Learned a level 3 spell: Stone Arrow
  1180 | D:2      | Found Zeinnol's General Store.
  1380 | D:2      | Found Otybue's Assorted Antiques.
  1385 | D:2      | Bought a scroll labelled HAPNES KU PAE for 21 gold pieces
  1385 | D:2      | Bought a scroll labelled ROYKEONAYNK for 21 gold pieces
  1471 | D:2      | Found Iratzumuont's Antique Armour Shop.
  1509 | D:2      | Found Ysuycvai's Assorted Antiques.
  1588 | D:2      | Reached XP level 4. HP: 21/27 MP: 4/8
  1899 | D:3      | Found a transporter.
  1924 | D:3      | Found a transporter.
  1940 | D:3      | Noticed Jessica
  1959 | D:3      | HP: 1/27 [Jessica/+0 club (9)]
  1967 | D:3      | Killed Jessica
  1968 | D:3      | Reached skill level 1 in Conjurations
  1979 | D:3      | Noticed WhatIsLove's ghost (amateur HOMo)
  2070 | D:3      | You fall into a shaft and drop 1 floor!
  2105 | D:4      | Reached XP level 5. HP: 17/31 MP: 1/10
  3027 | D:3      | Learned a level 4 spell: Petrify
  3509 | D:4      | Reached XP level 6. HP: 36/36 MP: 12/12
  3889 | D:4      | Found a staircase to the Ecumenical Temple.
  3904 | Temple   | Entered the Ecumenical Temple
  3972 | Temple   | Became a worshipper of Ashenzari the Shackled
  4699 | D:4      | Noticed a black bear
  4706 | D:4      | Killed a black bear
  4707 | D:4      | Reached XP level 7. HP: 31/41 MP: 14/14
  4794 | D:5      | Entered Level 5 of the Dungeon
  5065 | D:5      | Found an opulent altar of Gozag.
  5112 | D:5      | Noticed Edmund
  5127 | D:5      | Killed Edmund
  5128 | D:5      | Reached skill level 5 in Spellcasting
  5402 | D:5      | Reached skill level 5 in Earth Magic
  5603 | D:5      | Reached * piety under Ashenzari
  5733 | D:2      | Bought an amethyst potion for 18 gold pieces
  5791 | D:2      | Bought a viscous orange potion for 21 gold pieces
  6115 | D:6      | Reached XP level 8. HP: 20/46 MP: 12/17
  6185 | D:6      | Found a glowing drain.
  6190 | Sewer    | Entered a sewer
  6432 | Sewer    | Identified the +10 short sword of Hepliaklqana {pain,
                  | *Noise Int+4 SInv}
  6704 | D:6      | Found a stormy altar of Qazlal.
  6947 | D:6      | Reached XP level 9. HP: 51/51 MP: 16/21
  7038 | D:6      | Found a shadowy altar of Dithmenos.
  7623 | D:7      | Found a basalt altar of Yredelemnul.
  7765 | D:7      | Reached skill level 1 in Necromancy
  7765 | D:7      | Reached skill level 1 in Ice Magic
  7931 | D:7      | Identified a scroll of acquirement
  8384 | D:7      | Acquired a book of Power
  8437 | D:8      | Noticed a cyclops
  8479 | D:8      | Reached skill level 1 in Summonings
  8603 | D:8      | Found Deoroot's Book Boutique.
  8623 | D:8      | Reached ** piety under Ashenzari
  8662 | D:8      | Reached XP level 10. HP: 48/56 MP: 24/24
 10018 | D:9      | Noticed Psyche
 10028 | D:9      | Killed Psyche
 10029 | D:9      | Reached skill level 5 in Conjurations
 10206 | D:9      | Found a sparkling altar of Nemelex Xobeh.
 10271 | D:9      | Noticed a two-headed ogre
 10284 | D:9      | Killed a two-headed ogre
 10292 | D:9      | Learned a level 6 spell: Leda's Unmaking
 10564 | D:10     | Entered Level 10 of the Dungeon
 10714 | D:10     | Reached skill level 1 in Fighting
 11165 | D:10     | Reached skill level 5 in Summonings
 11426 | D:10     | Reached XP level 11. HP: 51/69 MP: 25/25
 11820 | D:10     | Noticed a two-headed ogre
 11828 | D:10     | Killed a two-headed ogre
 12129 | D:10     | Noticed a two-headed ogre
 12131 | D:10     | Found a staircase to the Orcish Mines.
 12136 | D:10     | Killed a two-headed ogre
 12788 | D:10     | Found a burning altar of Makhleb.
 12808 | D:10     | Found a staircase to the Lair.
 12962 | D:10     | Noticed a two-headed ogre
 12966 | D:10     | Killed a two-headed ogre
 13075 | D:10     | Reached skill level 10 in Conjurations
 13119 | D:10     | Noticed a two-headed ogre
 13138 | D:10     | Killed a two-headed ogre
 13207 | D:10     | Identified the +0 chain mail of Wofanno {Int+4}
 13467 | D:10     | Noticed a manticore
 13472 | D:10     | Killed a manticore
 13653 | Lair:1   | Entered Level 1 of the Lair of Beasts
 13738 | Lair:1   | Reached XP level 12. HP: 74/74 MP: 26/26
 13757 | Lair:1   | Reached skill level 1 in Shields
 14094 | D:8      | Bought a book of Iron for 384 gold pieces
 14100 | D:8      | Learned a level 5 spell: Lee's Rapid Deconstruction
 14133 | D:8      | Reached skill level 5 in Dodging
 14267 | D:8      | Acquired 1315 gold pieces
 15073 | Lair:1   | Reached *** piety under Ashenzari
 15742 | Lair:2   | Found a staircase to the Swamp.
 16299 | Lair:2   | Reached skill level 10 in Dodging
 16331 | Lair:2   | Noticed a death yak
 16349 | Lair:2   | Noticed a death yak
 16385 | Lair:2   | Learned a level 8 spell: Lehudib's Crystal Spear
 16394 | Lair:2   | Learned a level 7 spell: Spellforged Servitor
 16407 | Lair:2   | Noticed a death yak
 16411 | Lair:2   | Killed a death yak
 16412 | Lair:2   | Reached skill level 10 in Spellcasting
 16412 | Lair:2   | Reached XP level 13. HP: 80/80 MP: 25/28
 16420 | Lair:2   | Reached skill level 10 in Earth Magic
 17155 | Lair:2   | Identified the +7 morningstar of Tuseshro {pain, rPois
                  | MP+9}
 17195 | Lair:2   | Reached skill level 1 in Evocations
 17295 | Lair:2   | You are sucked into a shaft and drop 1 floor!
 17554 | Lair:2   | Upgraded the game from 0.31-a0-542-gdc2a67831c to
                  | 0.31-a0-544-gceb718ecc6
 18249 | Lair:3   | Found a hole to the Spider Nest.
 18609 | Lair:3   | Reached XP level 14. HP: 67/86 MP: 1/30
 19722 | Lair:4   | Reached skill level 5 in Transmutations
 19927 | Lair:4   | Found a viscous altar of Jiyva.
 19932 | Lair:4   | Found a staircase to the Slime Pits.
 20017 | Lair:5   | Entered Level 5 of the Lair of Beasts
 20948 | Lair:5   | Reached XP level 15. HP: 90/90 MP: 32/32
 21528 | Orc:1    | Entered Level 1 of the Orcish Mines
 21738 | Orc:1    | Found Yheff's Distillery.
 21753 | Orc:1    | Bought a potion of attraction for 33 gold pieces
 21795 | Orc:2    | Entered Level 2 of the Orcish Mines
 21795 | Orc:2    | Found a staircase to the Elven Halls.
 21822 | Orc:2    | Found Cusiodics's Weapon Shoppe.
 21981 | Orc:2    | Noticed Azrael
 21986 | Orc:2    | Killed Azrael
 22832 | Orc:2    | Paralysed by an ogre mage for 4 turns
 23006 | Orc:2    | Found an ancient bone altar of Kikubaaqudgha.
 23021 | Orc:2    | Found Bioteugue's Distillery.
 23175 | Orc:2    | Found a radiant altar of Vehumet.
 23199 | Orc:2    | Found Xugoxuwo's Book Shop.
 23229 | Orc:2    | Paralysed by an orc sorcerer for 4 turns
 23234 | Orc:2    | Found Uqeikhli's Antique Weapon Boutique.
 23242 | Orc:2    | Found Oshrez's Antique Weapon Shop.
 23425 | Orc:1    | Noticed Erolcha
 23430 | Orc:1    | Killed Erolcha
 23430 | Orc:1    | Noticed Maurice
 23977 | Orc:2    | Killed Maurice
 24732 | Orc:1    | Found a runed translucent door.
 24733 | Orc:1    | Found a shimmering altar of Xom.
 24733 | Orc:1    | Noticed FearOfTheDuck's ghost (journeyman MiGl)
 24853 | Orc:1    | Killed FearOfTheDuck's ghost
 25114 | D:11     | Noticed Sonja
 25118 | D:11     | Killed Sonja
 26052 | D:11     | Found a portal to a secret trove of treasure.
 26141 | Orc:1    | Bought a potion of curing for 33 gold pieces
 26141 | Orc:1    | Bought a potion of curing for 33 gold pieces
 26238 | Orc:2    | Bought a potion of curing for 39 gold pieces
 26528 | D:2      | Bought a potion of curing for 39 gold pieces
 26528 | D:2      | Bought a scroll of revelation for 97 gold pieces
 26562 | D:2      | Bought a potion of curing for 72 gold pieces
 26562 | D:2      | Bought a scroll of teleportation for 72 gold pieces
 26562 | D:2      | Bought a scroll of fog for 96 gold pieces
 26562 | D:2      | Bought a scroll of fear for 96 gold pieces
 27262 | D:3      | Killed WhatIsLove's ghost
 27757 | D:12     | Noticed Kirke
 27762 | D:12     | Killed Kirke
 28705 | D:13     | Reached XP level 16. HP: 96/96 MP: 34/34
 28814 | D:13     | Found a gate to the Vaults.
 28876 | D:13     | Noticed Wupi's ghost (journeyman DECj)
 28879 | D:13     | Found a runed translucent door.
 28975 | D:13     | Killed Wupi's ghost
 29360 | D:14     | Noticed Lodul
 29364 | D:14     | Killed Lodul
 29482 | D:14     | Found a gate leading to a gauntlet.
 29501 | Gauntlet | Entered a Gauntlet
 29501 | Gauntlet | Found a transporter.
 29593 | Gauntlet | Found a transporter.
 29604 | Gauntlet | Found a transporter.
 29609 | Gauntlet | Found a transporter.
 29624 | Gauntlet | Identified the -2 hat of Shielding {Str+2 Dex+4}
 29628 | Gauntlet | Found the +3 greatsling "Punk" {acid, rCorr}
 29630 | Gauntlet | Found a transporter.
 29643 | Gauntlet | Found a transporter.
 29654 | Gauntlet | Identified the ring of Foolhardiness {Fly Dex+3}
 29655 | Gauntlet | Found a transporter.
 29661 | Gauntlet | Found a transporter.
 29675 | Gauntlet | Identified the ring of Geaxum Path {rPois rN+}
 29676 | Gauntlet | Found a transporter.
 29691 | Gauntlet | Found a transporter.
 29700 | Gauntlet | Found a transporter.
 29719 | Gauntlet | Found a transporter.
 29734 | Gauntlet | Found a transporter.
 29736 | Gauntlet | Found a transporter.
 29736 | Gauntlet | Identified the +1 helmet of the Forsaken Invaders {+Inv
                  | Regen+ Str+3 Dex-2}
 29762 | Gauntlet | Found a transporter.
 29764 | Gauntlet | Found a transporter.
 29784 | Gauntlet | Found a transporter.
 29876 | Gauntlet | Found a transporter.
 29894 | Gauntlet | Identified the amulet of the Five Eyes {Spirit Int-3 Dex+3
                  | Stlth+}
 30227 | Gauntlet | Identified the +0 scale mail of Ignis's Envy {-Cast Slay+6
                  | SInv}
 30227 | Gauntlet | Identified the Quarto of the Unseen Realm
 30234 | Gauntlet | Reached skill level 5 in Necromancy
 30389 | Gauntlet | Identified the +1 helmet of Knowledge {rN+ rCorr Int+2
                  | Stlth+}
 30389 | Gauntlet | Identified the Guide on Filth and Mustering
 30444 | D:14     | Acquired the ring of Kogig {rElec Str+6 Int+4 Dex+3}
 30923 | D:14     | Found a transporter.
 31027 | D:14     | Found a transporter.
 31225 | D:14     | Found a transporter.
 31376 | D:14     | Found a transporter.
 31569 | D:14     | Noticed Roxanne
 31574 | D:14     | Killed Roxanne
 31754 | D:15     | Entered Level 15 of the Dungeon
 31885 | D:15     | Reached skill level 1 in Shapeshifting
 32247 | D:15     | Learned a level 7 spell: Monstrous Menagerie
 32396 | D:15     | Found a staircase to the Depths.
 32745 | D:15     | Reached skill level 5 in Shapeshifting
 33703 | Swamp:1  | Entered Level 1 of the Swamp
 33904 | Swamp:1  | Found a runed translucent door.
 33906 | Swamp:1  | Noticed Kiklext's ghost (adept DrWr)
 33906 | Swamp:1  | Identified the ring "Poent" {Str+5 Int-2 Dex+6 SInv}
 33906 | Swamp:1  | Identified the Papyrus of the Illusory Friends
 33947 | Swamp:1  | Noticed Josephine
 33951 | Swamp:1  | Killed Josephine
 34111 | Swamp:1  | Reached XP level 17. HP: 97/101 MP: 17/35
 34694 | Swamp:1  | Noticed Aizul
 34703 | Swamp:1  | Killed Aizul
 34966 | Swamp:1  | Killed Kiklext's ghost
 35352 | Swamp:2  | Found a large runed translucent door.
 35352 | Swamp:2  | Found a large runed translucent door.
 35367 | Swamp:2  | Noticed Enogimy's ghost (journeyman SpHu)
 35369 | Swamp:2  | Identified the amulet of Ysagrirchi {Acrobat rElec Dex+2}
 35385 | Swamp:2  | Killed Enogimy's ghost
 35978 | Swamp:2  | Reached skill level 10 in Shapeshifting
 36705 | Swamp:3  | Identified the ring of the Skies Above {rElec rF+ rC+ Dex+2
                  | Stlth+}
 37624 | Swamp:4  | Entered Level 4 of the Swamp
 38707 | Swamp:4  | Reached XP level 18. HP: 107/107 MP: 22/36
 39171 | Swamp:4  | Noticed the 27-headed Lernaean hydra
 39178 | Swamp:4  | Killed the 27-headed Lernaean hydra
 39267 | Swamp:4  | Got a decaying rune of Zot
 39534 | Spider:1 | Entered Level 1 of the Spider Nest
 39679 | D:11     | You paid a toll of 16 potions of curing to enter a treasure
                  | trove
 39680 | Trove    | Entered a treasure trove
 39685 | Trove    | Identified the +0 hat of Elitism {rPois Regen+ Dex-2}
 39685 | Trove    | Identified the ring "Sehu" {rElec Str+6 Dex+6}
 39685 | Trove    | Identified the ring of Emulad {Fire Fly rElec Dex+5}
 40076 | Spider:1 | Reached **** piety under Ashenzari
 40894 | Spider:2 | Identified the +0 robe "Yrahonn" {rF- Will+ Slay+3
                  | Archmagi}
 40904 | Spider:2 | Reached skill level 5 in Fighting
 41933 | Spider:2 | Reached skill level 5 in Shields
 42244 | Spider:3 | Noticed Nikola
 42512 | Spider:3 | Noticed Donald
 42522 | Spider:3 | Killed Donald
 42611 | Spider:3 | Reached XP level 19. HP: 127/127 MP: 38/38
 42658 | Spider:3 | Killed Nikola
 43458 | Spider:4 | Entered Level 4 of the Spider Nest
 44358 | Spider:4 | Reached skill level 10 in Fighting
 44776 | Spider:4 | Got a gossamer rune of Zot
 45151 | Elf:1    | Entered Level 1 of the Elven Halls
 45154 | Elf:1    | Reached skill level 1 in Fire Magic
 45156 | Elf:1    | Reached skill level 1 in Air Magic
 46711 | Elf:2    | Identified the ring of Witsem {rF+ rC+ rN+ Will+}
 46798 | Elf:2    | Found a huge runed translucent gate.
 46798 | Elf:2    | Found a huge runed translucent gate.
 46798 | Elf:2    | Found a huge runed translucent gate.
 46865 | Elf:2    | Reached skill level 10 in Shields
 47158 | Elf:2    | Found a huge runed translucent gate.
 47158 | Elf:2    | Found a huge runed translucent gate.
 47491 | Elf:2    | Reached XP level 20. HP: 138/138 MP: 38/38
 47743 | Elf:3    | Entered Level 3 of the Elven Halls
 48564 | Elf:3    | Identified the ring "Ridyrrah" {Fire Will+}
 48566 | Elf:3    | Identified the +9 halberd of Asiriusurch {flame, Fragile
                  | Will+ Dex+3}
 48585 | Elf:3    | Identified the +6 short sword of Death {heavy, Drain rN+
                  | Str+4 SInv}
 48784 | Elf:3    | Identified Elumump's Disquisition on the Terrestrial Coward
 48784 | Elf:3    | Identified the staff "Beastslayer" {rPois rC+ rN+ SInv Ice}
 49039 | Elf:3    | Learned a level 5 spell: Borgnjor's Vile Clutch
 49324 | Depths:1 | Entered Level 1 of the Depths
 49346 | Depths:1 | Reached skill level 5 in Ice Magic
 49484 | Depths:1 | Reached skill level 5 in Fire Magic
 49497 | Depths:1 | Found a gateway to Hell.
 49499 | Depths:1 | Identified the +1 orcbow "Hyneudeg" {heavy, rC+ Str+3
                  | Stlth+}
 49608 | Depths:1 | Found a snail-covered altar of Cheibriados.
 49621 | Depths:1 | Found a one-way gate to the infinite horrors of the Abyss.
 49636 | Depths:1 | Reached skill level 5 in Air Magic
 49726 | Depths:1 | Found Tupassi's Mayhem Merchandise.
 49733 | Depths:1 | Bought the Unrestrained Analects for 782 gold pieces
 49753 | Depths:1 | Found a runed translucent door.
 49890 | Depths:1 | Found Nemirchae's General Store.
 49892 | Depths:1 | Found Veckixok's Specific Store.
 50158 | Depths:1 | Identified the +5 ring mail of Gluttony {+Inv rF+}
 50395 | Depths:2 | Reached XP level 21. HP: 147/147 MP: 39/39
 50578 | Depths:2 | Noticed a golden dragon
 50588 | Depths:2 | Killed a golden dragon
 50686 | Depths:2 | Found a one-way gate leading to the halls of Pandemonium.
 50756 | Depths:2 | Reached skill level 10 in Fire Magic
 51016 | Depths:2 | Found a one-way gateway to a ziggurat.
 51095 | Depths:2 | Found a white marble altar of Elyvilon.
 51211 | Depths:2 | Noticed a golden dragon
 51218 | Depths:2 | Killed a golden dragon
 51461 | Depths:2 | Learned a level 8 spell: Ignition
 51545 | Depths:2 | Identified the +0 scale mail of Gravitas {Dex+6}
 51626 | Depths:2 | Noticed a juggernaut
 51637 | Depths:2 | Killed a juggernaut
 51707 | Depths:2 | Noticed a caustic shrike
 51712 | Depths:2 | Killed a caustic shrike
 51770 | Depths:2 | Identified the +7 shortbow of Doom {heavy, rPois rC- rCorr}
 52390 | Depths:3 | Reached XP level 22. HP: 156/156 MP: 40/40
 52396 | Depths:3 | Found a flickering gateway to a bazaar.
 52402 | Bazaar   | Entered a bazaar
 52418 | Bazaar   | Found Dosaete's Weapon Emporium.
 52419 | Bazaar   | Found Ehuipsuclo's Antique Weapon Emporium.
 52462 | Bazaar   | Found Yref's Antique Weapon Shoppe.
 52462 | Bazaar   | Found Usiedeli's Jewellery Shoppe.
 52950 | Depths:3 | Noticed a golden dragon
 52953 | Depths:3 | Killed a golden dragon
 53001 | Depths:3 | Noticed a juggernaut
 53003 | Depths:3 | Reached skill level 15 in Fire Magic
 53006 | Depths:3 | Killed a juggernaut
 53016 | Depths:3 | Noticed Louise
 53018 | Depths:3 | Killed Louise
 53109 | Depths:3 | Identified the +0 robe of Magic {rElec rC+}
 53446 | Depths:3 | Found a radiant altar of Vehumet.
 53707 | Depths:4 | Entered Level 4 of the Depths
 54277 | Depths:4 | Found Uczeamaf's Book Shoppe.
 54278 | Depths:4 | Found Qajeuwk's Jewellery Shop.
 54278 | Depths:4 | Found Lata's Jewellery Shop.
 54302 | Depths:4 | Bought Maxwell's Memoranda for 532 gold pieces
 54458 | Depths:4 | Noticed a golden dragon
 54464 | Depths:4 | Killed a golden dragon
 54467 | Depths:4 | Noticed a golden dragon
 54473 | Depths:4 | Killed a golden dragon
 54564 | Depths:4 | Noticed a golden dragon
 54569 | Depths:4 | Killed a golden dragon
 54569 | Depths:4 | Noticed a golden dragon
 54575 | Depths:4 | Killed a golden dragon
 54700 | Depths:4 | Noticed a golden dragon
 54716 | Depths:4 | Reached XP level 23. HP: 162/162 MP: 18/41
 54722 | Depths:4 | Noticed a golden dragon
 54884 | Depths:4 | Killed a golden dragon
 55069 | Depths:4 | Killed a golden dragon
 55079 | Depths:4 | Found a gate to the Realm of Zot.
 55673 | Vaults:1 | Entered Level 1 of the Vaults
 55673 | Vaults:1 | Noticed Asterion
 55683 | D:13     | Killed Asterion
 56086 | Vaults:1 | Identified the +0 robe of Boredom {Rampage}
 57229 | Vaults:2 | Identified the +1 robe of Dishonesty {-Cast rElec Dex+3
                  | Stlth+}
 57242 | Vaults:2 | Found a magical portal.
 57251 | WizLab   | Entered Wucad Mu's Monastery
 57466 | WizLab   | Found the crystal ball of Wucad Mu {*channel}
 57637 | Vaults:2 | Found Cajedew's Distillery.
 58582 | Vaults:3 | Reached XP level 24. HP: 170/170 MP: 30/42
 58583 | Vaults:3 | Reached skill level 10 in Air Magic
 58616 | Vaults:3 | Found a flickering gateway to a bazaar.
 58625 | Bazaar   | Entered a bazaar
 58635 | Bazaar   | Found Poziazip's General Store.
 58643 | Bazaar   | Found Ateawuehe's Assorted Antiques.
 58651 | Bazaar   | Bought a potion of mutation for 176 gold pieces
 58652 | Bazaar   | Found Tayleo Keuc's Weapon Shop.
 58660 | Bazaar   | Found Sidar's Antique Weapon Emporium.
 58671 | Bazaar   | Bought a shimmering long sword for 187 gold pieces
 58671 | Bazaar   | Identified the +10 long sword of the Bouncing Spines
                  | {heavy, rElec Str+6 Dex-3} (You bought it in a shop in a
                  | bazaar)
 58671 | Bazaar   | Bought a scorched long sword for 187 gold pieces
 58671 | Bazaar   | Identified the +5 long sword of the Hidden Youths {speed,
                  | rN+++ Str+2 Dex-3} (You bought it in a shop in a bazaar)
 58889 | Vaults:3 | Found a staircase to the Crypt.
 59128 | Vaults:3 | Learned a level 2 spell: Passwall
 59159 | Vaults:3 | Learned a level 8 spell: Maxwell's Capacitive Coupling
 59804 | Vaults:3 | Reached skill level 15 in Shapeshifting
 61020 | Vaults:4 | Identified the staff of Calamity {Fragile rElec rPois Str+3
                  | Air}
 61124 | Vaults:5 | Entered Level 5 of the Vaults
 61234 | Vaults:5 | Noticed a dread lich
 61242 | Vaults:5 | Noticed an ancient lich
 61257 | Vaults:4 | Killed a dread lich
 61258 | Vaults:4 | Reached XP level 25. HP: 56/175 MP: 12/42
 61366 | Vaults:5 | Killed an ancient lich
 61781 | Vaults:5 | Identified the +3 chain mail "Heotyfeu" {rF+}
 61785 | Vaults:5 | Identified the +6 flail of Bilacreola {freeze, Will+ Str+3
                  | Int-2 Dex+2}
 62033 | Vaults:5 | Identified the ring "Annysock" {rCorr Dex+6}
 62142 | Vaults:5 | Got a silver rune of Zot
 62967 | Slime:1  | Entered Level 1 of the Pits of Slime
 62985 | Slime:1  | Reached ***** piety under Ashenzari
 63675 | Slime:2  | Gained mutation: You are occasionally teleported next to
                  | monsters. [a shining eye]
 63676 | Slime:2  | Gained mutation: You are weak. (Str -2) [a shining eye]
 64276 | Slime:2  | Lost mutation: You are weak. (Str -2) [potion of mutation]
 64276 | Slime:2  | Lost mutation: You are occasionally teleported next to
                  | monsters. [potion of mutation]
 64276 | Slime:2  | Gained mutation: You are resistant to electric shocks.
                  | (rElec) [potion of mutation]
 64276 | Slime:2  | Gained mutation: One of your tentacles bears a spike.
                  | [potion of mutation]
 65032 | Slime:5  | Entered Level 5 of the Pits of Slime
 65035 | Slime:5  | Reached skill level 15 in Air Magic
 65107 | Slime:5  | Reached skill level 10 in Necromancy
 65319 | Slime:5  | Noticed the Royal Jelly
 65484 | Slime:5  | Gained mutation: You are frail. (-10% HP) [a shining eye]
 65578 | Slime:5  | Killed the Royal Jelly
 65579 | Slime:5  | Reached XP level 26. HP: 162/162 MP: 42/42
 65640 | Slime:5  | Got a slimy rune of Zot
 65669 | Slime:5  | Identified the Handbook of Atmospheric Generation
 65669 | Slime:5  | Identified the +10 spear of the World {heavy, rN+ Will+}
 65723 | Slime:5  | Identified the +5 scale mail of Gozag's Scorn {Rampage rF+
                  | rN+++ Stlth-}
 65723 | Slime:5  | Identified the ring "Metang" {rCorr SInv}
 66570 | Slime:5  | Learned a level 9 spell: Fire Storm
 66592 | Slime:5  | Upgraded the game from 0.31-a0-544-gceb718ecc6 to
                  | 0.31-a0-557-g6e16503903
 66866 | Vaults:1 | Upgraded the game from 0.31-a0-557-g6e16503903 to
                  | 0.31-a0-564-g3b7de120b3
 66866 | Vaults:1 | Upgraded the game from 0.31-a0-564-g3b7de120b3 to
                  | 0.31-a0-574-g69dc8cc98e
 66983 | Crypt:1  | Entered Level 1 of the Crypt
 67083 | Crypt:1  | Noticed Margery
 67089 | Crypt:1  | Killed Margery
 67267 | Crypt:1  | Noticed an ancient lich
 67271 | Crypt:1  | Killed an ancient lich
 67854 | Crypt:1  | Found a burning altar of Makhleb.
 68107 | Crypt:2  | Noticed Xtahua
 68111 | Crypt:2  | Killed Xtahua
 68979 | Crypt:3  | Entered Level 3 of the Crypt
 69247 | Crypt:3  | Found an ancient bone altar of Kikubaaqudgha.
 69258 | Crypt:3  | Reached skill level 15 in Spellcasting
 69351 | Crypt:3  | Reached skill level 15 in Conjurations
 69359 | Crypt:3  | Noticed a dread lich
 69382 | Crypt:3  | Killed a dread lich
 69478 | Crypt:3  | Found a staircase to the Tomb.
 69498 | Crypt:3  | Identified the +3 scale mail of Gesium {*Corrode rElec
                  | Will+++ Str-3 Stlth+}
 69601 | Crypt:3  | Identified the Dissertation on Pyromania
 69941 | Crypt:3  | Reached XP level 27. HP: 169/169 MP: 44/44
 70043 | Crypt:3  | Learned a level 9 spell: Chain Lightning
 70504 | Depths:1 | Upgraded the game from 0.31-a0-574-g69dc8cc98e to
                  | 0.31-a0-590-g8a5a4361df
 70505 | Hell     | Entered the Vestibule of Hell
 70505 | Hell     | Noticed Geryon
 70886 | Hell     | Killed Geryon
 70967 | Hell     | Found a gateway to the ashen valley of Gehenna.
 71075 | Hell     | Found a gateway to the Iron City of Dis.
 71145 | Hell     | Found a gateway to the freezing wastes of Cocytus.
 71266 | Hell     | Found a gateway to the decaying netherworld of Tartarus.
 71374 | Coc:1    | Entered Level 1 of Cocytus
 72447 | Coc:5    | Reached skill level 5 in Evocations
 73049 | Coc:7    | Entered Level 7 of Cocytus
 73119 | Coc:7    | Paralysed by a wendigo for 1 turns
 73163 | Coc:7    | Reached skill level 15 in Fighting
 73538 | Coc:7    | Noticed Antaeus
 73541 | Coc:7    | Killed Antaeus
 73620 | Coc:7    | Got an icy rune of Zot
 73902 | Coc:7    | Paralysed by a wendigo for 1 turns
 73910 | Coc:7    | Paralysed by a wendigo for 1 turns
 74009 | Coc:7    | Identified the ring "Sofysin" {rPois Will+ Str+3 Dex-5
                  | SInv}
 74185 | Coc:7    | Noticed a dread lich
 74188 | Coc:7    | Killed a dread lich
 74769 | Dis:1    | Entered Level 1 of the Iron City of Dis
 74772 | Dis:1    | Reached skill level 1 in Short Blades
 74806 | Dis:1    | Reached skill level 10 in Evocations
 76054 | Dis:5    | Reached skill level 5 in Short Blades
 76589 | Dis:7    | Entered Level 7 of the Iron City of Dis
 77142 | Dis:7    | Upgraded the game from 0.31-a0-590-g8a5a4361df to
                  | 0.31-a0-596-g831eee08f1
 77166 | Dis:7    | Noticed a juggernaut
 77172 | Dis:7    | Killed a juggernaut
 77283 | Dis:7    | Noticed a juggernaut
 77289 | Dis:7    | Killed a juggernaut
 77938 | Dis:7    | Reached ****** piety under Ashenzari
 78067 | Dis:7    | Identified the staff of Courage {rF+ rN+ Fire}
 78067 | Dis:7    | Identified the Disquisition on Conflict
 78488 | Dis:7    | Noticed a juggernaut
 78517 | Dis:7    | Killed a juggernaut
 78912 | Dis:7    | Reached skill level 10 in Short Blades
 79074 | Dis:7    | Identified the +8 dagger "Jiuwk" {freeze, Str+4 Dex+3 SInv}
 79074 | Dis:7    | Noticed Dispater
 79105 | Dis:7    | Killed Dispater
 79116 | Dis:7    | Found the +8 storm bow {elec, penet}
 79142 | Dis:7    | Identified the ring "Luwenn" {rPois rCorr}
 79147 | Dis:7    | Got an iron rune of Zot
 79738 | Geh:1    | Entered Level 1 of Gehenna
 79775 | Geh:1    | Noticed a dread lich
 79778 | Geh:1    | Killed a dread lich
 79779 | Geh:1    | Reached skill level 15 in Evocations
 80174 | Geh:2    | Reached skill level 5 in Stealth
 80636 | Geh:3    | Reached skill level 10 in Stealth
 81362 | Geh:5    | Reached skill level 15 in Stealth
 82086 | Geh:7    | Entered Level 7 of Gehenna
 82993 | Geh:7    | Identified the staff of the Spectre {rF+ Str+3 Fire}
 83374 | Geh:7    | Found the +13 sceptre of Asmodeus
 83374 | Geh:7    | Noticed Asmodeus
 83391 | Geh:7    | Killed Asmodeus
 83401 | Geh:7    | Identified the staff "Ogrebane" {rF+ rC+ Dex+3 Ice}
 83415 | Geh:7    | Got an obsidian rune of Zot
 83841 | Tar:1    | Entered Level 1 of Tartarus
 83929 | Tar:1    | Noticed a dread lich
 83932 | Tar:1    | Killed a dread lich
 85834 | Tar:7    | Entered Level 7 of Tartarus
 86239 | Tar:7    | Identified Duroh's Encyclopedia of Red-Hot Bodies
 86404 | Tar:7    | Noticed an ancient lich
 86407 | Tar:7    | Noticed a dread lich
 86412 | Tar:7    | Killed an ancient lich
 86415 | Tar:7    | Killed a dread lich
 86557 | Tar:7    | Noticed the Serpent of Hell
 86924 | Tar:7    | Noticed a dread lich
 86927 | Tar:7    | Killed a dread lich
 86957 | Tar:7    | Killed the Serpent of Hell
 87007 | Tar:7    | Noticed Ereshkigal
 87014 | Tar:7    | Paralysed by Ereshkigal for 5 turns
 87032 | Tar:7    | Killed Ereshkigal
 87573 | Tar:7    | Noticed a dread lich
 87577 | Tar:7    | Killed a dread lich
 87635 | Tar:7    | Identified the ring of Greed {Wiz +Blink rC+ Slay-6}
 87753 | Tar:7    | Identified the +0 ring mail "Homeac" {rC+++ Int+3 Dex+2
                  | Stlth+}
 87891 | Tar:7    | Got a bone rune of Zot
 87953 | Tar:7    | Identified the staff of the Growing Spider {rPois rN+ rCorr
                  | Int+4 SInv Necro}
 87978 | Tar:7    | Found the +4 skin of Zhor {*Englaciate rC+++ SInv}
 88151 | Zot:1    | Entered Level 1 of the Realm of Zot
 88259 | Zot:1    | Noticed an orb of fire
 88261 | Zot:1    | Gained mutation: You are occasionally teleported next to
                  | monsters. [an orb of fire]
 88263 | Zot:1    | Gained mutation: You are weak. (Str -2) [an orb of fire]
 88264 | Zot:1    | Gained mutation: You occasionally lose the ability to read
                  | scrolls when taking damage. [an orb of fire]
 88267 | Zot:1    | Killed an orb of fire
 88600 | Zot:1    | Lost mutation: You are weak. (Str -2) [potion of mutation]
 88600 | Zot:1    | Lost mutation: You are occasionally teleported next to
                  | monsters. [potion of mutation]
 88600 | Zot:1    | Lost mutation: You are resistant to electric shocks.
                  | (rElec) [potion of mutation]
 88600 | Zot:1    | Lost mutation: You are frail. (-10% HP) [potion of
                  | mutation]
 88600 | Zot:1    | Gained mutation: You are dopey. (Int -2) [potion of
                  | mutation]
 88600 | Zot:1    | Gained mutation: Your muscles are strong. (Str +4, Int/Dex
                  | -1) [potion of mutation]
 88601 | Zot:1    | Lost mutation: You occasionally lose the ability to read
                  | scrolls when taking damage. [potion of mutation]
 88601 | Zot:1    | Lost mutation: You are dopey. (Int -2) [potion of mutation]
 88601 | Zot:1    | Lost mutation: Your muscles are strong. (Str +4, Int/Dex
                  | -1) [potion of mutation]
 88601 | Zot:1    | Gained mutation: Your muscles are strong. (Str +4, Int/Dex
                  | -1) [potion of mutation]
 89605 | Zot:2    | Noticed an orb of fire
 89608 | Zot:2    | Killed an orb of fire
 89912 | Zot:2    | Identified the +0 scimitar "Gilad" {flame, rCorr Str-3
                  | Stlth+}
 90809 | Zot:3    | Identified the +5 shortbow "Bysuos" {freeze, Str+2 SInv}
 91267 | Zot:3    | Noticed Vv
 91270 | Zot:3    | Killed Vv
 91450 | Zot:4    | Reached skill level 15 in Dodging
 91683 | Zot:4    | Reached skill level 10 in Summonings
 91847 | Zot:4    | Reached skill level 15 in Shields
 92248 | Zot:4    | Found a runed translucent door.
 92248 | Zot:4    | Noticed Muataran's ghost (veteran MiMo)
 92257 | Zot:4    | Killed Muataran's ghost
 92643 | Orc:1    | Bought a potion of heal wounds for 55 gold pieces
 92643 | Orc:1    | Bought a potion of enlightenment for 55 gold pieces
 92740 | Orc:2    | Bought a potion of magic for 104 gold pieces
 92740 | Orc:2    | Bought 2 potions of heal wounds for 130 gold pieces
 92740 | Orc:2    | Bought a potion of enlightenment for 65 gold pieces
 92740 | Orc:2    | Bought a potion of mutation for 104 gold pieces
 93047 | Vaults:2 | Bought a potion of magic for 168 gold pieces
 93047 | Vaults:2 | Bought a potion of mutation for 168 gold pieces
 93047 | Vaults:2 | Bought a potion of heal wounds for 105 gold pieces
 93047 | Vaults:2 | Bought a potion of haste for 210 gold pieces
 93047 | Vaults:2 | Bought a potion of haste for 210 gold pieces
 93047 | Vaults:2 | Bought a potion of resistance for 210 gold pieces
 93047 | Vaults:2 | Bought a potion of curing for 63 gold pieces
 93047 | Vaults:2 | Bought a potion of curing for 63 gold pieces
 93303 | Depths:1 | Voluntarily entered the Abyss.
 93337 | Abyss:2  | Found a corrupted altar of Lugonu.
 93429 | Abyss:4  | Found a hide-covered altar of Uskayaw.
 93470 | Abyss:5  | Found a corrupted altar of Lugonu.
 93475 | Abyss:5  | Noticed an ancient lich
 93478 | Abyss:5  | Killed an ancient lich
 93555 | Abyss:5  | Found a corrupted altar of Lugonu.
 93621 | Depths:1 | Escaped the Abyss
 93694 | Depths:1 | Learned a level 9 spell: Shatter
 93965 | Orc:2    | Bought a glimmering rapier for 225 gold pieces
 93965 | Orc:2    | Identified the +6 rapier "Xaxkuq" {holy, *Corrode +Blink
                  | rPois rC++ Int+2} (You bought it in a shop on level 2 of
                  | the Orcish Mines)
 94238 | Depths:1 | Voluntarily entered the Abyss.
 94301 | Abyss:5  | Got an abyssal rune of Zot
 94359 | Depths:1 | Escaped the Abyss
 94361 | Depths:1 | Paralysed by you for 2 turns
 94788 | Tomb:1   | Entered Level 1 of the Tomb of the Ancients
 94827 | Tomb:1   | Noticed Mennas
 94830 | Tomb:1   | Killed Mennas
 94972 | Tomb:1   | Identified the +1 cloak of Negligence {rC++}
 95205 | Tomb:1   | Identified the +5 hand axe of Wisdom {antimagic, rPois rF++
                  | rC- SInv}
 95205 | Tomb:1   | Noticed a royal mummy
 95208 | Tomb:1   | Killed a royal mummy
 95349 | Tomb:1   | Noticed a royal mummy
 95358 | Tomb:1   | Killed a royal mummy
 95396 | Tomb:1   | Noticed a royal mummy
 95411 | Tomb:1   | Killed a royal mummy
 95812 | Tomb:1   | Upgraded the game from 0.31-a0-596-g831eee08f1 to
                  | 0.31-a0-604-g8e0283293c
 96338 | Tomb:1   | Noticed a royal mummy
 96340 | Tomb:1   | Noticed a royal mummy
 96346 | Tomb:1   | Noticed a royal mummy
 96347 | Tomb:1   | Killed a royal mummy
 96347 | Tomb:1   | Noticed a royal mummy
 96348 | Tomb:1   | Killed a royal mummy
 96349 | Tomb:1   | Killed a royal mummy
 96352 | Tomb:1   | Killed a royal mummy
 96444 | Tomb:1   | Noticed a royal mummy
 96449 | Tomb:1   | Killed a royal mummy
 96523 | Tomb:1   | Noticed a royal mummy
 96525 | Tomb:1   | Noticed a royal mummy
 96529 | Tomb:1   | Killed a royal mummy
 96533 | Tomb:1   | Killed a royal mummy
 96579 | Tomb:1   | Noticed a royal mummy
 96590 | Tomb:1   | Killed a royal mummy
 96638 | Tomb:1   | Noticed a royal mummy
 96642 | Tomb:1   | Killed a royal mummy
 96644 | Tomb:1   | Noticed a royal mummy
 96649 | Tomb:1   | Killed a royal mummy
 96650 | Tomb:1   | Noticed a royal mummy
 96655 | Tomb:1   | Killed a royal mummy
 96658 | Tomb:1   | Noticed a royal mummy
 96658 | Tomb:1   | Noticed a royal mummy
 96670 | Tomb:1   | Noticed a royal mummy
 96799 | Tomb:1   | Killed a royal mummy
 96813 | Tomb:1   | Killed a royal mummy
 96823 | Tomb:1   | Noticed a royal mummy
 96825 | Tomb:1   | Killed a royal mummy
 96830 | Tomb:1   | Killed a royal mummy
 96834 | Tomb:1   | Noticed a royal mummy
 96837 | Tomb:1   | Killed a royal mummy
 97203 | Tomb:1   | Learned a level 8 spell: Infestation
 97513 | Tomb:3   | Entered Level 3 of the Tomb of the Ancients
 97543 | Tomb:3   | Noticed a royal mummy
 97543 | Tomb:3   | Noticed a royal mummy
 97549 | Tomb:3   | Noticed a royal mummy
 97551 | Tomb:3   | Noticed a royal mummy
 97562 | Tomb:3   | Killed a royal mummy
 97568 | Tomb:3   | Killed a royal mummy
 97579 | Tomb:3   | Noticed a royal mummy
 97582 | Tomb:3   | Killed a royal mummy
 97582 | Tomb:3   | Killed a royal mummy
 97586 | Tomb:3   | Noticed a royal mummy
 97590 | Tomb:3   | Noticed a royal mummy
 97595 | Tomb:3   | Killed a royal mummy
 97599 | Tomb:3   | Killed a royal mummy
 97599 | Tomb:3   | Killed a royal mummy
 97601 | Tomb:3   | Noticed a royal mummy
 97603 | Tomb:3   | Killed a royal mummy
 97630 | Tomb:3   | Noticed Khufu
 97633 | Tomb:3   | Got a golden rune of Zot
 97649 | Tomb:3   | Killed Khufu
 97804 | Tomb:3   | Identified the Octavo of Roasted Space
 97807 | Tomb:3   | Identified the Codex of Mutagenic Command
 97810 | Tomb:3   | Identified the +8 great mace of Giupso {heavy, Dex+4
                  | Stlth+}
 97810 | Tomb:3   | Identified the +2 dagger "Qetiyzit" {holy, rCorr Str-4
                  | Dex+2}
 97813 | Tomb:3   | Identified the ring of Vittet {Fire Int-2 Dex+7}
 97829 | Tomb:3   | Identified the +10 long sword "Visaz" {heavy, rElec Will+
                  | Stlth+}
 98060 | Tomb:3   | Identified the ring of Zaitay {MP+9 Str+4 Int+3 Dex+4}
 98060 | Tomb:3   | Identified the +1 ring mail of Navokyes {rElec rF+ Int+7}
 98880 | Depths:3 | Learned a level 5 spell: Lee's Rapid Deconstruction
 98923 | Pan      | Entered the realm of Gloorx Vloq.
 98923 | Pan      | Entered Pandemonium
 99358 | Pan      | Noticed Gloorx Vloq
 99369 | Pan      | Killed Gloorx Vloq
 99396 | Pan      | Got a dark rune of Zot
 99804 | Pan      | Identified the +5 dagger of Zoimez {freeze, rF- Int+5}
101077 | Pan      | Noticed Avytoupsa the pandemonium lord
101116 | Pan      | Killed Avytoupsa the pandemonium lord
101410 | Pan      | Found an exit through the horrors of the Abyss.
101769 | Pan      | Noticed Jisuenan the pandemonium lord
101858 | Pan      | Killed Jisuenan the pandemonium lord
102199 | Pan      | Got a demonic rune of Zot
103318 | Pan      | Noticed Voefolui the pandemonium lord
103322 | Pan      | Killed Voefolui the pandemonium lord
103424 | Pan      | Identified the Meditations on Evolution
103749 | Pan      | Entered the realm of Cerebov.
104504 | Pan      | Identified the +7 glaive of Dim Light {drain, rElec rN+}
104504 | Pan      | Identified the ring "Puori" {rPois rC+ rN+++ Str+6 Dex-4}
104545 | Pan      | Found the +6 sword of Cerebov {flame}
104545 | Pan      | Noticed Cerebov
104549 | Pan      | Killed Cerebov
104575 | Pan      | Identified the +3 shortbow of a Labyrinth {flame, rElec rF+
                  | Int+3}
104614 | Pan      | Identified the +0 shortbow "Carhag Raoj" {heavy, rPois
                  | rCorr Str+3}
104615 | Pan      | Identified the staff "Rak Mupuum" {Drain rF+ rCorr Int+3
                  | Hexes Fire}
104653 | Pan      | Identified the +1 pair of boots "Zyomeib" {Will+ Dex+4}
104684 | Pan      | Identified the +2 shortbow of the Dwarven Hall {drain, rC-
                  | Will+ Str+4}
104684 | Pan      | Identified the +6 great mace of Juesefraum {heavy, Int+6}
104684 | Pan      | Identified the Essays on Combat Magic
104790 | Pan      | Got a fiery rune of Zot
105806 | Pan      | Found an exit through the horrors of the Abyss.
105880 | Pan      | Noticed Xydyix the pandemonium lord
105896 | Pan      | Killed Xydyix the pandemonium lord
107132 | Pan      | Found an exit through the horrors of the Abyss.
107304 | Pan      | Noticed Koywab the pandemonium lord
107308 | Pan      | Killed Koywab the pandemonium lord
107725 | Pan      | Entered the realm of Mnoleg.
107789 | Pan      | Identified the +2 plate armour of Rationality {rN+ Slay+2}
107936 | Pan      | Gained mutation: You are occasionally teleported next to
                  | monsters. [a cacodemon]
107956 | Pan      | Noticed Mnoleg
107957 | Pan      | Gained mutation: You expend magic power (3 MP) to
                  | strengthen your wands. [a neqoxec]
107961 | Pan      | Lost mutation: You expend magic power (3 MP) to strengthen
                  | your wands. [potion of mutation]
107961 | Pan      | Lost mutation: One of your tentacles bears a spike. [potion
                  | of mutation]
107961 | Pan      | Gained mutation: You have hidden genetic potential. [potion
                  | of mutation]
107961 | Pan      | Gained mutation: You have an increased reservoir of magic.
                  | (+10% MP) [potion of mutation]
107962 | Pan      | Lost mutation: You are occasionally teleported next to
                  | monsters. [potion of mutation]
107962 | Pan      | Lost mutation: You have an increased reservoir of magic.
                  | (+10% MP) [potion of mutation]
107962 | Pan      | Gained mutation: Your system is resistant to poisons.
                  | (rPois) [potion of mutation]
108023 | Pan      | Gained mutation: You are partially covered in iridescent
                  | scales. (AC +2) [a cacodemon]
108027 | Pan      | Gained mutation: You are dopey. (Int -2) [a cacodemon]
108040 | Pan      | Gained mutation: You are clumsy. (Dex -2) [a neqoxec]
108062 | Pan      | Lost mutation: You have hidden genetic potential. [a
                  | neqoxec]
108127 | Pan      | Found an exit through the horrors of the Abyss.
108139 | Pan      | Gained mutation: You are strong-willed. (Will+) [a
                  | cacodemon]
108140 | Pan      | Gained mutation: You are frail. (-10% HP) [a cacodemon]
108140 | Pan      | Gained mutation: You are very frail. (-20% HP) [a
                  | cacodemon]
108230 | Pan      | Lost mutation: You are dopey. (Int -2) [a cacodemon]
108515 | Pan      | Killed Mnoleg
108534 | Pan      | Got a glowing rune of Zot
108979 | Pan      | Found an exit through the horrors of the Abyss.
109026 | Pan      | Noticed Poxeim the pandemonium lord
109031 | Pan      | Killed Poxeim the pandemonium lord
109193 | Pan      | Gained mutation: You are very clumsy. (Dex -4) [a
                  | cacodemon]
109265 | Pan      | Reached skill level 15 in Earth Magic
109265 | Pan      | Lost mutation: Your muscles are strong. (Str +4, Int/Dex
                  | -1) [a cacodemon]
109268 | Pan      | Gained mutation: You are weak. (Str -2) [a cacodemon]
109413 | Pan      | Noticed Ydauly the pandemonium lord
109417 | Pan      | Killed Ydauly the pandemonium lord
111002 | Pan      | Found a runed translucent door.
111006 | Pan      | Found a runed translucent door.
111011 | Pan      | Found a runed translucent door.
111018 | Pan      | Noticed Tiotiyxt the pandemonium lord
111021 | Pan      | Killed Tiotiyxt the pandemonium lord
111029 | Pan      | Found a runed translucent door.
111340 | Pan      | Identified the ring "Lapohere" {rF+ rN+ Int+6 Stlth+}
111340 | Pan      | Identified the +1 whip "Ushreomo" {freeze, Str+3 Dex+3}
111344 | Pan      | Found a transporter.
111347 | Pan      | Identified the ring "Cizxina" {rN++ Will+}
111347 | Pan      | Identified the ring of Xiabas {rPois MP+9}
111406 | Pan      | Found an exit through the horrors of the Abyss.
111410 | Pan      | Found a transporter.
112214 | Pan      | Entered the realm of Lom Lobon.
112239 | Pan      | Found an exit through the horrors of the Abyss.
112453 | Abyss:5  | Cast into level 5 of the Abyss (a wizard)
112497 | Abyss:5  | Found a corrupted altar of Lugonu.
112521 | Abyss:5  | Gained mutation: You are extremely frail. (-30% HP) [a
                  | neqoxec]
112554 | Pan      | Escaped the Abyss
112658 | Pan      | Noticed Lom Lobon
112661 | Pan      | Killed Lom Lobon
112670 | Pan      | Got a magical rune of Zot
112887 | Pan      | Found an opulent altar of Gozag.
112887 | Pan      | Found Hiwakoit's Fine Accessories.
112941 | Pan      | Found Hiwakoit's Assorted Sundries.
112958 | Pan      | Found an opulent altar of Gozag.
112965 | Pan      | Noticed a dread lich
112970 | Pan      | Killed a dread lich
113028 | Pan      | Noticed Hiwakoit the pandemonium lord
113043 | Pan      | Found an opulent altar of Gozag.
113047 | Pan      | Gained mutation: You occasionally shout uncontrollably at
                  | your foes. [a cacodemon]
113047 | Pan      | Gained mutation: You occasionally lose the ability to drink
                  | potions when taking damage. [a cacodemon]
113057 | Pan      | Lost mutation: You are partially covered in iridescent
                  | scales. (AC +2) [potion of mutation]
113057 | Pan      | Lost mutation: Your system is resistant to poisons. (rPois)
                  | [potion of mutation]
113057 | Pan      | Gained mutation: Your mind is acute. (Int +4, Str/Dex -1)
                  | [potion of mutation]
113058 | Pan      | Lost mutation: You occasionally lose the ability to drink
                  | potions when taking damage. [potion of mutation]
113058 | Pan      | Lost mutation: You are extremely frail. (-30% HP) [potion
                  | of mutation]
113058 | Pan      | Lost mutation: You are strong-willed. (Will+) [potion of
                  | mutation]
113058 | Pan      | Gained mutation: One of your tentacles bears a spike.
                  | [potion of mutation]
113058 | Pan      | Gained mutation: Your system is resistant to poisons.
                  | (rPois) [potion of mutation]
113059 | Pan      | Lost mutation: You are weak. (Str -2) [potion of mutation]
113059 | Pan      | Lost mutation: You occasionally shout uncontrollably at
                  | your foes. [potion of mutation]
113059 | Pan      | Lost mutation: You are very clumsy. (Dex -4) [potion of
                  | mutation]
113059 | Pan      | Gained mutation: Your body sometimes deteriorates upon
                  | taking damage. [potion of mutation]
113141 | Pan      | Found Hiwakoit's Exquisite Manuscripts.
113147 | Pan      | Killed Hiwakoit the pandemonium lord
113154 | Pan      | Gained mutation: You are weak. (Str -2) [a cacodemon]
113160 | Pan      | Found Hiwakoit's Rarities Market.
113190 | Pan      | Bought a scroll of revelation for 120 gold pieces
113190 | Pan      | Bought a scroll of blinking for 120 gold pieces
113190 | Pan      | Bought 2 scrolls of revelation for 240 gold pieces
113207 | Depths:3 | Escaped Pandemonium
113370 | Zot:5    | Entered Level 5 of the Realm of Zot
113668 | Zot:5    | Noticed an orb of fire
113673 | Zot:5    | Killed an orb of fire
113753 | Zot:5    | Noticed an orb of fire
113755 | Zot:5    | Gained mutation: You occasionally lose the ability to read
                  | scrolls when taking damage. [an orb of fire]
113755 | Zot:5    | Gained mutation: You are very weak. (Str -4) [an orb of
                  | fire]
113757 | Zot:5    | Killed an orb of fire
113823 | Zot:5    | Noticed an orb of fire
113825 | Zot:5    | Gained mutation: You sometimes lose your temper in combat.
                  | [an orb of fire]
113831 | Zot:5    | Gained mutation: Your spells are a little easier to cast,
                  | but a little less powerful. [an orb of fire]
113832 | Zot:5    | Killed an orb of fire
113920 | Zot:5    | Noticed an orb of fire
113927 | Zot:5    | Gained mutation: Your body often deteriorates upon taking
                  | damage. [an orb of fire]
113928 | Zot:5    | Killed an orb of fire
113928 | Zot:5    | Noticed an orb of fire
113929 | Zot:5    | Gained mutation: Your spells are easier to cast, but less
                  | powerful. [an orb of fire]
113932 | Zot:5    | Gained mutation: You are very clumsy. (Dex -4) [an orb of
                  | fire]
114111 | Zot:5    | Noticed an orb of fire
114128 | Zot:5    | Killed an orb of fire
114131 | Zot:5    | Noticed a dread lich
114134 | Zot:5    | Killed a dread lich
114286 | Zot:5    | Noticed an orb of fire
114295 | Zot:5    | Killed an orb of fire
114296 | Zot:5    | Noticed an orb of fire
114303 | Zot:5    | Killed an orb of fire
114321 | Zot:5    | Noticed an orb of fire
114325 | Zot:5    | Killed an orb of fire
114581 | Zot:5    | Killed an orb of fire
114658 | Zot:5    | Got the Orb of Zot
114665 | Zot:5    | Noticed Comow the pandemonium lord
114690 | Zot:5    | Killed Comow the pandemonium lord
115024 | D:11     | Noticed Nesouclu the pandemonium lord
115033 | D:11     | Killed Nesouclu the pandemonium lord
115165 | D:7      | Noticed Byisex the pandemonium lord
115370 | D:$      | Escaped with the Orb!

Illustrated notes

Levels and vault maps discovered:
D:1:      kilobyte_arrival_exit_the_forest, layout_loops_ring,
          chequers_mini_garden, solitary_fountain, hangedman_decor_points,
          minmay_heptomino_o4
D:2:      layout_basic, serial_shops, nicolae_shop_stone, shop,
          nicolae_shop_rolling_square, shop
D:3:      layout_loops_corners, gammafunk_ghost_stat_death,
          minmay_misc_feat_plants, nicolae_figureground_sparkle, uniq_jessica
D:4:      black_bear_nest_1, layout_layer_cave, temple_pool_b
D:5:      layout_loops_corners, nicolae_gozag_seed_capital,
          grunt_decor_one_mirror, uniq_edmund
D:6:      layout_loops_ring, kennysheep_mini_moat, grunt_dithmenos_smoke,
          portal_sewer_entry_e
D:7:      layout_basic, yredelemnul_forgotten_temple_becter,
          serial_park_tiny_pond
D:8:      minmay_distorted_concentric_squares, layout_rooms, serial_shops, shop
D:9:      layout_stronghold, nemelex_diamond_rough_becter, serial_column_ruins,
          column_ruins_hut_pillars, column_ruins_hut,
          column_ruins_columns_straight, column_ruins_grid_3,
          column_ruins_open_small_water, column_ruins_open_small,
          column_ruins_corridor_corner, column_ruins_columns_corner,
          kennysheep_doodads, uniq_psyche
D:10:     kennysheep_town
D:11:     layout_basic, enter_trove_5, nicolae_wwwww, uniq_sonja
D:12:     layout_rooms, hangedman_fish_farm, uniq_kirke
D:13:     layout_gridville, david_vaults_1, hellmonk_ghost_happy_afterlife
D:14:     layout_cave_pods, gauntlet_entry_generic, minmay_misc_feat_rugged,
          nicolae_transporter_intersection, uniq_roxanne, uniq_lodul
D:15:     gammafunk_enter_depths_forms, layout_basic,
          minmay_misc_feat_diagonals, special_room [special_room_mythical_zoo],
          minivault_14
Temple:   minmay_temple_bridge_d
Lair:1:   layout_cellular_growth
Lair:2:   dreamdust_isle_of_ice, layout_hall_layers, swamp_mist_pool
Lair:3:   layout_chaotic_city, nicolae_spider_entry_non_spiders,
          grunt_megastairs_3, serial_bayou_shore_a
Lair:4:   layout_loops_ring, dpeg_slime_entry_corner, lemuel_fruit_fields
Lair:5:   minmay_lair_end_frog_pond, layout_regular_city
Swamp:1:  layout_basic_swamp, ebering_ghost_reflecting_pool,
          evilmike_swamp_ruin_house_5, infiniplex_staircase_pool_2, uniq_aizul,
          uniq_josephine
Swamp:2:  nicolae_swamp_long_stream, layout_basic_swamp,
          ebering_ghost_disaster_area, nicolae_swamp_treefoil
Swamp:3:  layout_basic_swamp, nicolae_swamp_very_dense_foliage, swamp_pool4,
          infiniplex_staircase_pool
Swamp:4:  grunt_swamp_rune_castle, layout_basic_swamp
Spider:1: layout_spider_delve, nicolae_spider_spiderdrome
Spider:2: layout_spider_delve, nicolae_spider_undead_wolf_pack
Spider:3: layout_spider_delve, hive_lemuel, uniq_donald, uniq_nikola
Spider:4: spider_rune_water
Slime:1:  layout_caves
Slime:2:  layout_caves
Slime:3:  layout_caves
Slime:4:  layout_caves
Slime:5:  slime_pit_nicolae_block_by_block
Orc:1:    layout_caves, serial_shops, nicolae_diamond_shop, ebering_ghost_xom,
          roderic_batcave, uniq_maurice, uniq_erolcha
Orc:2:    kennysheep_orc_mage_school, layout_caves, serial_shops, shop,
          uniq_azrael
Elf:1:    nicolae_elf_arrival_fired_up, layout_gridlike,
          serial_co_window_serial, co_window_cross_1, co_window_paths_b,
          co_window_paths_b, co_window_corner_a, co_window_paths_a,
          co_window_cross_1, co_window_of_opportunity_a, co_window_broadway_a,
          co_window_unsneaky_path_a, co_window_cross_2, co_window_2corner,
          co_window_paths_c, co_window_unsneaky_path_a, co_window_paths_e,
          glass_columns_c, glass_columns_c, glass_columns_b, glass_columns_a,
          glass_columns_a
Elf:2:    elven_hall_of_blades_hangedman_alternative [mumra_blade_entry_dagger],
          layout_geoelf_grid
Elf:3:    elf_hall_gauntlet_wide, layout_geoelf_grid, nicolae_fountain_basement
Vaults:1: vaults_dpeg_doors, vaults_standard_mumra_x, hangedman_vaults_snaps,
          nicolae_vaults_layer_cake_slice, nicolae_vaults_asterisk,
          nicolae_vaults_steering_wheel, vaults_dpeg_hooks,
          nicolae_vaults_shipping_containers_7, v_misc_23,
          ontoclasm_vaults_pinch, nicolae_vaults_diamond_1,
          nicolae_vaults_storage_closets_3, nicolae_vaults_alarming,
          nicolae_vaults_asterisk, nicolae_vaults_double_plus_2,
          layout_vaults_ring, uniq_asterion
Vaults:2: infiniplex_enter_wizlab_water, nicolae_vaults_off_center_swirl,
          vaults_room_mumra_shop_pool, v_misc_26, nicolae_vaults_wrenched,
          hangedman_vaults_impose, nicolae_vaults_tetromino_L_1,
          nicolae_vaults_turnstiles, nicolae_vaults_sightless_eye,
          hangedman_vaults_pinch, layout_vaults_big_room
Vaults:3: vaults_dpeg_spiral, v_misc_24, nicolae_vaults_house_2, v_rooms_6,
          nicolae_vaults_storage_closets_2, minmay_crypt_entry_simple_round,
          nicolae_vaults_house_1, nicolae_vaults_diamond_2,
          hangedman_vaults_corner, nicolae_vaults_variable_pillar_hall,
          vaults_mumra_hex, layout_vaults_omnigrid, serial_shops, freezing_bzr
Vaults:4: nicolae_vaults_minivaults, v_rooms_1, nicolae_vaults_six-pack,
          grunt_vaults_trifunnel, vaults_room_grunt_arrival_checkpoint,
          nicolae_vaults_variable_pillar_hall, nicolae_vaults_oval_intersection,
          vaults_dpeg_cross, ontoclasm_vaults_ligature, grunt_vaults_bifocal,
          nicolae_vaults_heist, layout_vaults_maze_snakey
Vaults:5
Crypt:1:  layout_gridlike, nicolae_nh_vlads_tower, grunt_megastairs_4,
          uniq_margery
Crypt:2:  layout_misc_corridors, uniq_xtahua
Crypt:3:  grunt_crypt_end_deaths_head
Tomb:1:   uniq_mennas
Tomb:2
Tomb:3
Depths:1: layout_basic, cheibriados_altar_2, abyss_entry_glasseish, hell_entry,
          nicolae_specific_store, minmay_shop_mayhem, lightli_church_of_beogh
Depths:2: angbandy_vault, layout_basic, enter_ziggurat_a,
          rand_demon_pan_entry_8, abyss_entry_small_statue_room, hell_entry,
          elyvilon_altar_1
Depths:3: minmay_concentric_multi, layout_gridville,
          nicolae_abyss_entry_one_way_or_another, hell_entry, serial_shops,
          bzr_entry_dummy, fiery_altar_vehumet, rand_demon_pan_entry_5,
          roderic_serpentine_path
Depths:4: lemuel_castle_with_subvaults [lemuel_castle_interior_carwin_2],
          layout_gridlike, hellmouth_3, minmay_shop_grove
Hell
Dis:1:    layout_gridville
Dis:2:    layout_subdivisions
Dis:3:    nicolae_dis_hell_of_blades
Dis:4:    layout_subdivisions
Dis:5:    layout_subdivisions
Dis:6:    layout_gridville, hangedman_dis_chains
Dis:7:    dis_grunt_layers
Geh:1:    layout_gehenna_pools_box
Geh:2:    layout_gehenna_pools_triple
Geh:3:    layout_gehenna_lava_caves
Geh:4:    layout_gehenna_lava_caves
Geh:5:    layout_gehenna_lava_caves
Geh:6:    layout_gehenna_pools_basic
Geh:7:    geh_grunt_pentagon
Coc:1:    layout_cocytus_delve
Coc:2:    layout_ice_bergs
Coc:3:    layout_cocytus_water_paths
Coc:4:    layout_ice_bergs
Coc:5:    layout_cocytus_water_paths
Coc:6:    layout_ice_bergs
Coc:7:    coc_grunt
Tar:1:    layout_grid_maze
Tar:2:    layout_grid_maze
Tar:3:    layout_cathedral_of_symmetry, nicolae_hells_hurtin_island
Tar:4:    hangedman_restless_catacombs
Tar:5:    layout_grid_maze
Tar:6:    layout_catacombs
Tar:7:    tar_grunt_cathedral
Zot:1:    layout_misc_corridors
Zot:2:    layout_cathedral_of_symmetry, zot_minivault_8
Zot:3:    layout_misc_corridors, grunt_megastairs_1, uniq_vv
Zot:4:    layout_misc_corridors, ebering_ghost_inner_flame, grunt_megastairs_5
Zot:5:    layout_concentric_octagons

Skill      XL: |  1  2  3  4  5  6  7  8  9 10 11 12 13 14 15 16 17 18 19 20 21 22 23 24 25 26 27 |
---------------+----------------------------------------------------------------------------------+-----
Spellcasting   | 3 4 6 7 9 10 11 12 13 15 23 | 23.9
Conjurations   | 1 2 3 6 11 12 13 15 23 | 23.8
Transmutations | 2 3 5 7 8 |  8.8
Earth Magic    | 4 5 6 8 9 11 13 18 | 18.5
Necromancy     | 1 3 5 7 8 10 11 | 11.2
Ice Magic      | 1 3 5 |  5.2
Summonings     | 2 5 6 7 13 | 13.5
Fighting       | 3 8 10 12 13 23 | 23.8
Stealth        | 3 22 | 22.7
Dodging        | 10 12 13 21 | 21.7
Shields        | 1 5 10 11 15 | 15.3
Evocations     | 2 3 20 | 20.6
Shapeshifting  | 7 12 13 14 16 17 19 | 19.1
Fire Magic     | 2 7 13 16 18 19 22 | 22.7
Air Magic      | 2 5 6 9 12 15 20 | 20.2
Short Blades   | 11 | 11.4

Action                     |  1- 3 |  4- 6 |  7- 9 | 10-12 | 13-15 | 16-18 | 19-21 | 22-24 | 25-27 || total
---------------------------+-------+-------+-------+-------+-------+-------+-------+-------+-------++-------
  Melee: Club              |    15 |       |       |       |       |       |       |       |       ||    15
         Constrict         |     6 |     2 |     2 |     3 |     1 |     4 |    24 |    14 |   142 ||   198
         Tentacles         |     4 |       |     5 |     9 |     7 |     3 |    31 |    41 |   448 ||   548
         Dagger            |       |    18 |     9 |       |       |       |       |       |       ||    27
         Punch             |       |     1 |       |       |       |       |     6 |     2 |    28 ||    37
         Short sword       |       |       |     9 |    23 |    30 |    11 |   123 |    96 |  1088 ||  1380
         Kick              |       |       |       |       |       |       |       |       |   644 ||   644
  Throw: Boomerang         |       |       |     3 |     1 |       |       |       |       |       ||     4
         Throwing net      |       |       |       |     1 |       |       |       |       |       ||     1
   Cast: Sandblast         |    46 |   112 |   150 |   232 |   261 |    70 |    85 |   109 |       ||  1065
         Stone Arrow       |       |     1 |    18 |    14 |    12 |       |     2 |       |       ||    47
         Petrify           |       |       |     5 |     9 |       |       |       |       |       ||    14
         Leda's Unmaking   |       |       |       |    68 |   109 |   143 |   146 |   216 |  2231 ||  2913
         Spellforged Servi |       |       |       |     2 |    83 |   162 |   122 |   123 |   452 ||   944
         Lee's Rapid Decon |       |       |       |       |    30 |    59 |    87 |     9 |     2 ||   187
         Lehudib's Crystal |       |       |       |       |     8 |    81 |    81 |    70 |   197 ||   437
         Monstrous Menager |       |       |       |       |       |     1 |       |       |       ||     1
         Borgnjor's Vile C |       |       |       |       |       |       |    27 |    57 |    42 ||   126
         Ignition          |       |       |       |       |       |       |       |    45 |   233 ||   278
         Maxwell's Capacit |       |       |       |       |       |       |       |    15 |    66 ||    81
         Fire Storm        |       |       |       |       |       |       |       |       |    25 ||    25
         Chain Lightning   |       |       |       |       |       |       |       |       |   208 ||   208
         Shatter           |       |       |       |       |       |       |       |       |    26 ||    26
         Infestation       |       |       |       |       |       |       |       |       |     8 ||     8
 Invoke: Curse Item        |       |       |     4 |     3 |       |     4 |       |     2 |     6 ||    19
         Shatter the Chain |       |       |       |     1 |       |     2 |     2 |       |     2 ||     7
  Evoke: Wand              |       |       |       |     2 |     4 |     5 |     2 |       |       ||    13
    Use: Scroll            |       |       |     3 |     3 |     1 |    12 |     3 |     3 |    25 ||    50
         Potion            |       |       |       |     1 |       |     2 |       |       |    35 ||    38
   Stab: Petrified         |       |       |    14 |    13 |       |       |       |       |       ||    27
         Distracted        |       |       |       |       |     3 |       |     3 |     4 |    32 ||    42
         Sleeping          |       |       |       |       |       |       |       |       |    22 ||    22
         Paralysed         |       |       |       |       |       |       |       |       |     1 ||     1
 Armour: Skin              |     2 |    20 |    29 |    31 |    75 |    84 |   188 |   384 |  1217 ||  2030
  Dodge: Dodged            |    31 |    38 |    72 |   121 |   367 |   272 |   284 |   486 |  2146 ||  3817
  Block: Other             |       |       |       |    30 |    80 |    49 |       |       |       ||   159
         Reflection        |       |       |       |     1 |     1 |     6 |    33 |    63 |    65 ||   169
         Kite shield       |       |       |       |       |       |       |   517 |   558 |  2761 ||  3836
   Form: Statue            |       |       |       |       |       |     1 |       |       |     5 ||     6
         Death             |       |       |       |       |       |       |       |       |     4 ||     4
         Storm             |       |       |       |       |       |       |       |       |     1 ||     1

Table legend: (Time is in decaauts)
 A = Elapsed time spent in this place.
 B = Non-inter-level travel time spent in this place.
 C = Inter-level travel time spent in this place.
 D = Time resting spent in this place.
 E = Time spent auto-exploring this place.
 F = Levels seen in this place.
 G = Mean time per level.
                   A        B        C        D        E       F      G
               +--------+--------+--------+--------+--------+-----+--------+
         Total | 155443 | 139897 |  15546 |  13656 |  75289 | 115 | 1351.7 |
       Dungeon |  25101 |  19978 |   5123 |   1333 |  15171 |  15 | 1673.4 |
        Temple |    136 |      2 |    134 |      0 |      0 |   1 |  136.0 |
          Lair |   8222 |   7378 |    844 |    891 |   4803 |   5 | 1644.4 |
         Swamp |   6693 |   6146 |    547 |   2241 |   1763 |   4 | 1673.2 |
   Spider Nest |   8103 |   7755 |    348 |   1861 |   2829 |   4 | 2025.8 |
    Slime Pits |   5605 |   5196 |    409 |    399 |   2683 |   5 | 1121.0 |
  Orcish Mines |   4436 |   3421 |   1015 |    307 |   2337 |   2 | 2218.0 |
   Elven Halls |   5695 |   5337 |    358 |    216 |   3314 |   3 | 1898.3 |
        Vaults |  11431 |   9332 |   2099 |    355 |   5812 |   5 | 2286.2 |
         Crypt |   5302 |   4598 |    704 |      0 |   3132 |   3 | 1767.3 |
          Tomb |   5260 |   4641 |    619 |    506 |    242 |   3 | 1753.3 |
        Depths |  10731 |   9520 |   1211 |    898 |   4900 |   4 | 2682.8 |
          Hell |   2159 |   1945 |    214 |    262 |   1141 |   1 | 2159.0 |
           Dis |   7218 |   6782 |    436 |   1386 |   1263 |   7 | 1031.1 |
       Gehenna |   5646 |   5240 |    406 |    571 |   2862 |   7 |  806.6 |
       Cocytus |   5305 |   5020 |    285 |    114 |   2954 |   7 |  757.9 |
      Tartarus |   5734 |   5380 |    354 |    670 |   2951 |   7 |  819.1 |
           Zot |   8514 |   8080 |    434 |    576 |   4555 |   5 | 1702.8 |
         Abyss |    723 |    723 |      0 |      0 |    131 |   7 |  103.3 |
   Pandemonium |  21189 |  21189 |      0 |    849 |  11589 |  14 | 1513.5 |
        Bazaar |    335 |    335 |      0 |      0 |    141 |   2 |  167.5 |
         Trove |    107 |    107 |      0 |      0 |      0 |   1 |  107.0 |
         Sewer |    379 |    379 |      0 |     10 |    221 |   1 |  379.0 |
        Wizlab |    471 |    471 |      0 |     30 |     21 |   1 |  471.0 |
      Gauntlet |    938 |    938 |      0 |    178 |    468 |   1 |  938.0 |
               +--------+--------+--------+--------+--------+-----+--------+

Top non-repeatable levels by time:
   Dis:7: 4496 daAuts
  Tomb:1: 3753 daAuts
    D:10: 3745 daAuts
   Orc:2: 3242 daAuts
Depths:4: 3089 daAuts
Depths:2: 3064 daAuts
Vaults:1: 3053 daAuts
   Tar:7: 3004 daAuts
    D:15: 2761 daAuts
Spider:2: 2567 daAuts
   Geh:7: 2561 daAuts
Vaults:3: 2542 daAuts
Spider:4: 2461 daAuts
Depths:1: 2458 daAuts
 Slime:5: 2456 daAuts
